Workbook
Name Excel_BuiltIn_Print_Area: 'Прил.10_закуп товаров'!#REF!
Name Excel_BuiltIn_Print_Area: 'Прил.9_ф-2 Инвест.пр.'!#REF!
Name TABLE: 'Прил.10_закуп товаров'!#REF!
Name TABLE: 'Прил.5_ф-2_Реализ.заявок'!#REF!
Name TABLE: 'Прил.9_ф-2 Инвест.пр.'!#REF!
Name TABLE_2: 'Прил.10_закуп товаров'!#REF!
Name TABLE_2: 'Прил.5_ф-2_Реализ.заявок'!#REF!
Name TABLE_2: 'Прил.9_ф-2 Инвест.пр.'!#REF!

Sheet Раскрытие инф 960.22_08.12.22
A1: ООО Индустриальный Парк "Станкомаш"
A3: Раскрытие информации (к приказу ФАС России от 08.12.2022 № 960/22) | B3: 2026 год | F3: лист
A5: Приложение № 1. Форма 3. Информация о тарифах на услуги по транспортировке газа по газораспределительным сетям. | B5: открыть>> | D5: ежегодно | E5: в 10-дневный срок от даты официального опубликования | F5: Прил.1_ф-3_Тарифы
A6: Приложение № 1. Форма 4. Информация о специальных надбавках на услуги по транспортировке газа по газораспределительным сетям. | B6: Открыть >> | D6: ежегодно | E6: в 10-дневный срок от даты официального опубликования | F6: Прил.1_ф-4_Спец.надб
A7: Приложение № 2. Форма 6. Информация об основных показателях финансово-хозяйственной деятельности в сфере оказания услуг по транспортировке газа по газораспределительным сетям ПЛАН 2026. | B7: открыть >> | D7: ежегодно | E7: информация о плановых показателях в течение первого квартала года, информация о плановых расчетных показателях - в 10-дневный срок после пересмотра или утверждения тарифов; информация о фактических показателях (отчет) - | F7: Прил.2_ф-6_ПЛАН_ОПФ-ХД
A8: Приложение № 2. Форма 6. Информация об основных показателях финансово-хозяйственной деятельности в сфере оказания услуг по транспортировке газа по газораспределительным сетям ФАКТ 2026. (раскрытие с 01.01.2026 по 01.08.2026) | B8: открыть >> | D8: ежегодно | E8: информация о плановых показателях в течение первого квартала года, информация о плановых расчетных показателях - в 10-дневный срок после пересмотра или утверждения тарифов; информация о фактических показателях (отчет) - | F8: Прил.2_ф-6_ФАКТ_ОПФ-ХД
A9: Приложение № 2. Форма 7. Информация об объёмах транспортировки газа ПЛАН на 2026 год в сфере оказания услуг по транспортировке газа по газораспределительным сетям, с детализацией по группам газопотребления. | B9: открыть>> | D9: ежегодно | E9: информация о плановых показателях в течение первого квартала года, информация о плановых расчетных показателях - в 10-дневный срок после пересмотра или утверждения тарифов; информация о фактических показателях (отчет) - | F9: Прил.2_ф-7_ПЛАН_-объемы
A10: Приложение № 2. Форма 7. Информация об объёмах транспортировки газа ФАКТ за 2026 год в сфере оказания услуг по транспортировке газа по газораспределительным сетям, с детализацией по группам газопотребления. | B10: открыть>> | D10: ежегодно | E10: информация о плановых показателях в течение первого квартала года, информация о плановых расчетных показателях - в 10-дневный срок после пересмотра или утверждения тарифов; информация о фактических показателях (отчет) - | F10: Прил.2_ф-7_ФАКТ_-объемы
A11: Приложение № 3. Форма 3. Информация об основных потребительских характеристиках регулируемых услуг и их соответствии стандартам качества в сфере оказания услуг по транспортировке газа по газораспределительным сетям | B11: открыть>> | D11: ежегодно (по мере изменения потребительских характеристик услуг и (или) стандартов качества оказания регулируемых услуг) | E11: через 10 дней после утверждения в установленном порядке показателей надежности и качества услуг по транспортировке газа, но не позднее 15 октября (в случае изменения потребительских характеристик услуг и (или) стандартов качества - в 10-дневный срок после вступления в силу указанных изменений) | F11: Прил.3_ф-3_ПНК
A12: Приложение № 4. Форма 6. Информация о наличии (отсутствии) технической возможности доступа к регулируемым услугам по транспортировке газа по газораспределительным сетям для целей определения возможности технологического присоединения, ПЛАН 2026 г. | B12: открыть>> | D12: ежемесячно | E12: не позднее 1 декабря текущего календарного года - информация о плановых показателях на следующий календарный год с помесячной детализацией | F12: Прил.4_ф-6_ПЛАН налич.возм
A13: Приложение № 4. Форма 6. Информация о наличии (отсутствии) технической возможности доступа к регулируемым услугам по транспортировке газа по газораспределительным сетям, ФАКТ 2026 г. | B13: открыть>> | D13: ежемесячно | E13: в течение 10 дней по окончании календарного месяца - информация о фактических показателях за прошедший месяц | F13: Прил.4_ф-6_ФАКТ налич.возм
A14: Приложение № 4. Форма 7. Информация о наличии (отсутствии) технической возможности доступа к регулируемым услугам по транспортировке газа по газораспределительным сетям (с детализацией по группам газопотребления), ФАКТ 2026г. | B14: открыть>> | D14: ежемесячно | E14: информация о фактических показателях за прошедший месяц в течение 10 дней по окончании календарного месяца | F14: Прил.4_ф-7_Налич.возм.групп
A15: Приложение № 5. Форма 2. Информация о регистрации и ходе реализации заявок на доступ к услугам по транспортировке газа по газораспределительным сетям. | B15: открыть>> | D15: ежемесячно | E15: в течение 10 дней по окончании отчетного периода | F15: Прил.5_ф-2_Реализ.заявок
A16: Приложение №6. Форма 2. Информация о регистрации и ходе реализации заявок о подключении (технологическом присоединении) к газораспределительным сетям. | B16: открыть>> | D16: ежемесячно | E16: в течение 10 дней по окончании отчетного периода | F16: Прил.6_ф-2_Заявки
... A21: Приложение № 10. Информация о способах приобретения, стоимости и объемах товаров, необходимых для оказания услуг по транспортировке газа по трубопроводам, за 2026г. | B21: открыть>> | D21: ежемесячно | E21: в течение 10 дней по окончании отчетного периода | F21: Прил.10_закуп товаров

Sheet Прил.1_ф-3_Тарифы
A1: \ | O1: Приложение № 1
O2: к приказу ФАС России от 08.09.2022 № 960/22
O3: Форма 3
D5: Информация о тарифах | E5: ООО Индустриальный Парк "Станкомаш" | K5: на услуги
E6: (наименование субъекта естественной монополии)
A7: по транспортировке газа по газораспределительным сетям на территории
E8: Челябинской области
E9: (наименование субъекта Российской Федерации)
D10: в | E10: г. Челябинск, ООО Индустриальный Парк "Станкомаш"
E11: (наименование зоны обслуживания/обособленной системы)
A13: Реквизиты приказа федерального органа исполнительной власти в области регулирования тарифов об установлении тарифа по газораспределительным сетям | L13: от | M13: 828/22 | N13: № | O13: 16.11.2022
A15: Тарифы на услуги по транспортировке газа по газораспределительным сетям (руб./1000 м3) по группам потребителей с объемом потребления газа (млн. м3/год) | L15: Тариф на услуги по транспортировке газа в транзитном потоке (руб./1000 м3)
A16: свыше 500 | C16: от 100 до 500 включительно | D16: от 10 до 100 включительно | E16: от 1 до 10 включительно | F16: от 0,1 до 1 включительно | G16: от 0,01 до 0,1 включительно | J16: до 0,01 включительно | K16: население
E17: период действия с | F17: 01.12.2022 | H17: по | J17: 30.06.2024
A19: - | C19: - | D19: - | E19: - | F19: - | G19: - | J19: - | K19: - | L19: 234.43
E20: период действия с | F20: 01.07.2024 | H20: по | J20: 30.06.2025
A22: - | C22: - | D22: - | E22: - | F22: - | G22: - | J22: - | K22: - | L22: 250.84
E23: период действия с | F23: 01.07.2025 | H23: по
A25: - | C25: - | D25: - | E25: - | F25: - | G25: - | J25: - | K25: - | L25: 268.4

Sheet Прил.1_ф-4_Спец.надб.
A1: \ | M1: Приложение № 1
M2: к приказу ФАС России от 08.09.2022 № 960/22
M3: Форма 3
E5: Информация о специальных надбавках к тарифам | F5: ООО Индустриальный Парк "Станкомаш" | L5: на услуги
F6: (наименование субъекта естественной монополии)
A7: по транспортировке газа по газораспределительным сетям на территории
E8: Челябинской области
E9: (наименование субъекта Российской Федерации)
D10: в | E10: г. Челябинск
E11: (наименование зоны обслуживания/обособленной системы)
A13: Реквизиты акта органа исполнительной власти субъекта Российской Федерации в области государственного регулирования тарифов | K13: от | M13: №
A15: Наименование программы газификации
A16: Специальные надбавки к тарифам на услуги по транспортировке газа по газораспределительным сетям (руб./1000 м3) по группам потребителей с объемом потребления газа (млн м3/год) и для населения
A17: свыше 500 | C17: от 100 до 500 включительно | D17: от 10 до 100 включительно | E17: от 1 до 10 включительно | F17: от 0,1 до 1 включительно | G17: от 0,01 до 0,1 включительно | J17: до 0,01 включительно | K17: население
E18: период действия с | F18: 01.12.2022 | H18: по | J18: 30.06.2024
A20: - | C20: - | D20: - | E20: - | F20: - | G20: - | J20: - | K20: -
E21: период действия с | F21: 01.07.2024 | H21: по | J21: 30.06.2025
A23: - | C23: - | D23: - | E23: - | F23: - | G23: - | J23: - | K23: -
E24: период действия с | F24: 01.07.2025 | H24: по
A26: - | C26: - | D26: - | E26: - | F26: - | G26: - | J26: - | K26: -

Sheet Прил.2_ф-6_ПЛАН_ОПФ-ХД
CX1: Приложение № 2
CX2: к приказу ФАС России от 08.09.2022 № 960/22
CX3: Форма 6
A4: Информация об основных показателях финансово-хозяйственной деятельности
P5: ООО Индустриальный Парк "Станкомаш" | BS5: на 20 | CE5: 26 | CI5: год
P6: (наименование субъекта естественной монополии)
A7: в сфере оказания услуг по транспортировке газа по газораспределительным
O8: сетям на территории | AO8: Челябинской области
AO9: (наименование субъекта Российской Федерации)
CH10: ПЛАН
A11: № | I11: Наименование показателя | BX11: Единицы измерения | CH11: Всего
A12: 1 | J12: Расходы на транспортировку газа по данным бухгалтерского учета всего, в том числе: | BX12: тыс. руб. | CH12: =CH13+CH14+CH15+CH20+CH21 -> 3396.59
A13: 1.1 | J13: Фонд оплаты труда | BX13: тыс. руб. | CH13: 1998.72
A14: 1.2 | J14: Отчисление на уплату страховых взносов | BX14: тыс. руб. | CH14: 603.61
A15: 1.3 | J15: Материальные затраты, в том числе: | BX15: тыс. руб. | CH15: =SUM(CH16:CX19) -> 295.29
A16: 1.3.1 | J16: сырье и материалы | BX16: тыс. руб. | CH16: 295.29
A17: 1.3.2 | J17: газ на собственные и технологические нужды | BX17: тыс. руб.
A18: 1.3.3 | J18: технологические и эксплуатационные потери | BX18: тыс. руб.
A19: 1.3.4 | J19: прочие | BX19: тыс. руб.
A20: 1.4 | J20: Амортизация основных средств | BX20: тыс. руб. | CH20: 118.68
A21: 1.5 | J21: Прочие затраты, в том числе: | BX21: тыс. руб. | CH21: =CH22+CH27+CH30+CH35+CH45+CH46 -> 380.29
A22: 1.5.1 | J22: Арендная плата (лизинг), в том числе: | BX22: тыс. руб. | CH22: =SUM(CH23:CX26) -> 0
A23: 1.5.1.1 | J23: аренда (лизинг) здания, транспорта | BX23: тыс. руб.
A24: 1.5.1.2 | J24: аренда газопроводов у юридических и физических лиц | BX24: тыс. руб.
A25: 1.5.1.3 | J25: аренда (концессия) газопроводов, находящихся в государственной и муниципальной собственности | BX25: тыс. руб.
A26: 1.5.1.4 | J26: аренда земельного участка | BX26: тыс. руб.
A27: 1.5.2 | J27: Страховые платежи, в том числе: | BX27: тыс. руб. | CH27: =SUM(CH28:CX29) -> 15.74
A28: 1.5.2.1 | J28: страхование опасных производственных объектов (ответственность перед третьими лицами) | BX28: тыс. руб. | CH28: 15.74
A29: 1.5.2.2 | J29: страхование машин и оборудования | BX29: тыс. руб.
A30: 1.5.3 | J30: Налоги, в том числе: | BX30: тыс. руб. | CH30: =SUM(CH31:CX34) -> 0
A31: 1.5.3.1 | J31: налог на имущество | BX31: тыс. руб.
A32: 1.5.3.2 | J32: налог на загрязнение окружающей среды | BX32: тыс. руб.
A33: 1.5.3.3 | J33: единый транспортный налог | BX33: тыс. руб.
A34: 1.5.3.4 | J34: земельный налог | BX34: тыс. руб.
A35: 1.5.4 | J35: Услуги сторонних организаций | BX35: тыс. руб. | CH35: =SUM(CH36:CX40) -> 15.6
A36: 1.5.4.1 | J36: услуги средств связи | BX36: тыс. руб. | CH36: 15.6
A37: 1.5.4.2 | J37: оплата вневедомственной охраны | BX37: тыс. руб.
A38: 1.5.4.3 | J38: информационно-вычислительные услуги | BX38: тыс. руб.
A39: 1.5.4.4 | J39: аудиторские услуги | BX39: тыс. руб.
A40: 1.5.4.5 | J40: прочие, в том числе: | BX40: тыс. руб. | CH40: =SUM(CH41:CX44) -> 0
A41: 1.5.4.5.1 | J41: услуги по техническому обслуживанию газораспределительных сетей | BX41: тыс. руб.
A42: 1.5.4.5.2 | J42: услуги по диагностированию газораспределительных пунктов, шкафных регуляторных пунктов, подземных газопроводов и обследованию дюкеров | BX42: тыс. руб.
A43: 1.5.4.5.3 | J43: услуги по регистрации объектов газораспределения | BX43: тыс. руб.
A44: 1.5.4.5.4 | J44: прочие | BX44: тыс. руб.
A45: 1.5.5 | J45: Капитальный ремонт | BX45: тыс. руб. | CH45: 337.43
A46: 1.5.6 | J46: Другие затраты, в том числе: | BX46: тыс. руб. | CH46: =SUM(CH47:CX52) -> 11.52
A47: 1.5.6.1 | J47: командировочные расходы | BX47: тыс. руб.
A48: 1.5.6.2 | J48: охрана труда и подготовка кадров | BX48: тыс. руб. | CH48: 11.52
A49: 1.5.6.3 | J49: канцелярские и почтово-телеграфные расходы | BX49: тыс. руб.
A50: 1.5.6.4 | J50: НИОКР | BX50: тыс. руб.
A51: 1.5.6.5 | J51: затраты по оплате услуг по транспортировке транзитных потоков газа | BX51: тыс. руб.
A52: 1.5.6.6 | J52: прочие | BX52: тыс. руб.
A53: 2 | J53: Прочие доходы | BX53: тыс. руб. | CH53: 0
A54: 3 | J54: Прочие расходы | BX54: тыс. руб. | CH54: =SUM(CH55:CX59) -> 0
A55: 3.1 | J55: Услуги банков | BX55: тыс. руб.
A56: 3.2 | J56: Проценты по целевым краткосрочным кредитам | BX56: тыс. руб.
A57: 3.3 | J57: Социальное развитие и выплаты социального характера | BX57: тыс. руб.
A58: 3.4 | J58: Резерв по сомнительным долгам | BX58: тыс. руб.
A59: 3.5 | J59: Прочие | BX59: тыс. руб.
A60: 4 | J60: Потребность в прибыли до налогообложения: | BX60: тыс. руб. | CH60: =CH61+CH66 -> 0
A61: 4.1 | J61: Расходы из чистой прибыли, в том числе: | BX61: тыс. руб.
A62: 4.1.1 | J62: Капитальные вложения | BX62: тыс. руб.
A63: 4.1.2 | J63: Обслуживание привлеченного на долгосрочной основе капитала | BX63: тыс. руб.
A64: 4.1.3 | J64: Дивиденды | BX64: тыс. руб.
A65: 4.1.4 | J65: Выпадающие доходы от технологического присоединения газоиспользующего оборудования, непокрытые за счет специальной надбавки | BX65: тыс. руб.
A66: 4.2 | J66: Налог на прибыль | BX66: тыс. руб.
A67: 5 | J67: Общий объем тарифной выручки | BX67: тыс. руб. | CH67: =CH12-CH53 -> 3396.59
A68: Справочная информация
A69: 1 | J69: Численность персонала, занятого в регулируемом виде деятельности | BX69: человек | CH69: 4
A70: 2 | J70: Протяженность трубопроводов | BX70: км | CH70: 5.74
A71: 3 | J71: Количество газорегуляторных пунктов | BX71: единиц | CH71: 1
A72: 4 | J72: Средняя загрузка трубопроводов | BX72: %

Sheet Прил.2_ф-6_ФАКТ_ОПФ-ХД
CX1: Приложение № 2
CX2: к приказу ФАС России от 18.01.2019 № 38/19
CX3: Форма 6
A4: Информация об основных показателях финансово-хозяйственной деятельности
P5: ООО Индустриальный Парк "Станкомаш" | BS5: за 20 | CE5: 26 | CI5: год
P6: (наименование субъекта естественной монополии)
A7: в сфере оказания услуг по транспортировке газа по газораспределительным
O8: сетям на территории | AO8: Челябинской области
AO9: (наименование субъекта Российской Федерации)
A11: № | I11: Наименование показателя | BX11: Единицы измерения | CH11: Всего
A12: 1 | J12: Расходы на транспортировку газа по данным бухгалтерского учета всего, в том числе: | BX12: тыс. руб. | CH12: =CH13+CH14+CH15+CH20+CH21 -> 0
A13: 1.1 | J13: Фонд оплаты труда | BX13: тыс. руб.
A14: 1.2 | J14: Отчисление на уплату страховых взносов | BX14: тыс. руб.
A15: 1.3 | J15: Материальные затраты, в том числе: | BX15: тыс. руб. | CH15: =SUM(CH16:CX19) -> 0
A16: 1.3.1 | J16: сырье и материалы | BX16: тыс. руб. | CY16: Материалы
A17: 1.3.2 | J17: газ на собственные и технологические нужды | BX17: тыс. руб.
A18: 1.3.3 | J18: технологические и эксплуатационные потери | BX18: тыс. руб.
A19: 1.3.4 | J19: прочие | BX19: тыс. руб.
A20: 1.4 | J20: Амортизация основных средств | BX20: тыс. руб.
A21: 1.5 | J21: Прочие затраты, в том числе: | BX21: тыс. руб. | CH21: =CH22+CH27+CH30+CH35+CH45+CH46 -> 0
A22: 1.5.1 | J22: Арендная плата (лизинг), в том числе: | BX22: тыс. руб. | CH22: =SUM(CH23:CX26) -> 0
A23: 1.5.1.1 | J23: аренда (лизинг) здания, транспорта | BX23: тыс. руб.
A24: 1.5.1.2 | J24: аренда газопроводов у юридических и физических лиц | BX24: тыс. руб.
A25: 1.5.1.3 | J25: аренда (концессия) газопроводов, находящихся в государственной и муниципальной собственности | BX25: тыс. руб.
A26: 1.5.1.4 | J26: аренда земельного участка | BX26: тыс. руб. | CY26: АРЕНДА ТНН и М-Г
A27: 1.5.2 | J27: Страховые платежи, в том числе: | BX27: тыс. руб. | CH27: =SUM(CH28:CX29) -> 0
A28: 1.5.2.1 | J28: страхование опасных производственных объектов (ответственность перед третьими лицами) | BX28: тыс. руб. | CY28: МТС
A29: 1.5.2.2 | J29: страхование машин и оборудования | BX29: тыс. руб.
A30: 1.5.3 | J30: Налоги, в том числе: | BX30: тыс. руб. | CH30: =SUM(CH31:CX34) -> 0
A31: 1.5.3.1 | J31: налог на имущество | BX31: тыс. руб.
A32: 1.5.3.2 | J32: налог на загрязнение окружающей среды | BX32: тыс. руб.
A33: 1.5.3.3 | J33: единый транспортный налог | BX33: тыс. руб.
A34: 1.5.3.4 | J34: земельный налог | BX34: тыс. руб.
A35: 1.5.4 | J35: Услуги сторонних организаций | BX35: тыс. руб. | CH35: =SUM(CH36:CX40) -> 0
A36: 1.5.4.1 | J36: услуги средств связи | BX36: тыс. руб.
A37: 1.5.4.2 | J37: оплата вневедомственной охраны | BX37: тыс. руб.
A38: 1.5.4.3 | J38: информационно-вычислительные услуги | BX38: тыс. руб.
A39: 1.5.4.4 | J39: аудиторские услуги | BX39: тыс. руб.
A40: 1.5.4.5 | J40: прочие, в том числе: | BX40: тыс. руб. | CH40: =SUM(CH41:CX44) -> 0
A41: 1.5.4.5.1 | J41: услуги по техническому обслуживанию газораспределительных сетей | BX41: тыс. руб.
A42: 1.5.4.5.2 | J42: услуги по диагностированию газораспределительных пунктов, шкафных регуляторных пунктов, подземных газопроводов и обследованию дюкеров | BX42: тыс. руб. | CY42: Подземметаллзащита ООО
A43: 1.5.4.5.3 | J43: услуги по регистрации объектов газораспределения | BX43: тыс. руб.
A44: 1.5.4.5.4 | J44: прочие | BX44: тыс. руб. | CY44: СОЮЗТЕХГАЗ ООО ИЦДК № 448 от 18.121.25 Договор №ДОУ/ИПС-75/2025 от 26.08.2025 (экспертиза промышленной безопасности) - выполнение работ по экспертизе промышленной безопасности сооружений (газопроводов природного газа) и технических устройств (ПРГ), применяемых на ОПО на территории Индустриального парка «Станкомаш»
A45: 1.5.5 | J45: Капитальный ремонт | BX45: тыс. руб.
A46: 1.5.6 | J46: Другие затраты, в том числе: | BX46: тыс. руб. | CH46: =SUM(CH47:CX52) -> 0
A47: 1.5.6.1 | J47: командировочные расходы | BX47: тыс. руб.
A48: 1.5.6.2 | J48: охрана труда и подготовка кадров | BX48: тыс. руб. | CY48: СИЗ
A49: 1.5.6.3 | J49: канцелярские и почтово-телеграфные расходы | BX49: тыс. руб.
A50: 1.5.6.4 | J50: НИОКР | BX50: тыс. руб.
A51: 1.5.6.5 | J51: затраты по оплате услуг по транспортировке транзитных потоков газа | BX51: тыс. руб.
A52: 1.5.6.6 | J52: прочие | BX52: тыс. руб. | CY52: Тепло, вода, водоотв.
A53: 2 | J53: Прочие доходы | BX53: тыс. руб.
A54: 3 | J54: Прочие расходы | BX54: тыс. руб. | CH54: =SUM(CH55:CX59) -> 0
A55: 3.1 | J55: Услуги банков | BX55: тыс. руб.
A56: 3.2 | J56: Проценты по целевым краткосрочным кредитам | BX56: тыс. руб.
A57: 3.3 | J57: Социальное развитие и выплаты социального характера | BX57: тыс. руб.
A58: 3.4 | J58: Резерв по сомнительным долгам | BX58: тыс. руб.
A59: 3.5 | J59: Прочие | BX59: тыс. руб.
A60: 4 | J60: Потребность в прибыли до налогообложения: | BX60: тыс. руб. | CH60: =CH61+CH66 -> 0
A61: 4.1 | J61: Расходы из чистой прибыли, в том числе: | BX61: тыс. руб. | CH61: =SUM(CH62:CX65) -> 0
A62: 4.1.1 | J62: Капитальные вложения | BX62: тыс. руб.
A63: 4.1.2 | J63: Обслуживание привлеченного на долгосрочной основе капитала | BX63: тыс. руб.
A64: 4.1.3 | J64: Дивиденды | BX64: тыс. руб.
A65: 4.1.4 | J65: Выпадающие доходы от технологического присоединения газоиспользующего оборудования, непокрытые за счет специальной надбавки | BX65: тыс. руб.
A66: 4.2 | J66: Налог на прибыль | BX66: тыс. руб.
A67: 5 | J67: Общий объем тарифной выручки | BX67: тыс. руб. | CY67: =CH67-CH12 -> 0
A68: Справочная информация
A69: 1 | J69: Численность персонала, занятого в регулируемом виде деятельности | BX69: человек | CH69: 4
A70: 2 | J70: Протяженность трубопроводов | BX70: км | CH70: 6.095
A71: 3 | J71: Количество газорегуляторных пунктов | BX71: единиц | CH71: 1
A72: 4 | J72: Средняя загрузка трубопроводов | BX72: %

Sheet Прил.2_ф-7_ПЛАН-объемы
CO1: Приложение № 2
CO2: к приказу ФАС России от 08.09.2022 № 960/22
CO3: Форма 7
A5: Информация об объёмах транспортировки газа | AX5: ООО "Индустриальный Парк "Станкомаш"
AX6: (наименование субъекта естественной монополии)
M7: на 20 | Z7: 26 | AD7: год в сфере оказания услуг по транспортировке газа
A8: по газораспределительным сетям (с детализацией по группам газопотребления)
AL9: на территории | AM9: Челябинской области
AM10: (наименование субъекта Российской Федерации)
Z11: в | AB11: г. Челябинск
AB12: (наименование зоны обслуживания/обособленной системы)
A14: Вид тарифа | BG14: Объемы газа, тыс.м3
B15: Дифференцированный тариф всего, в том числе: | BG15: 0
B16: 1 группа | BG16: 0
B17: 2 группа | BG17: 0
B18: 3 группа | BG18: 0
B19: 4 группа | BG19: 0
B20: 5 группа | BG20: 0
B21: 6 группа | BG21: 0
B22: 7 группа | BG22: 0
B23: 8 группа (население) | BG23: 0
B24: Транзитный тариф | BG24: 12655
B25: Итого: | BG25: =BG24+BG15 -> 12655

Sheet Прил.2_ф-7_ФАКТ_объемы
CO1: Приложение № 2
CO2: к приказу ФАС России от 18.01.2019 № 38/19
CO3: Форма 7
A5: Информация об объёмах транспортировки газа | AX5: ООО "Индустриальный Парк "Станкомаш"
AX6: (наименование субъекта естественной монополии)
M7: за 20 | Z7: 26 | AD7: год в сфере оказания услуг по транспортировке газа
A8: по газораспределительным сетям (с детализацией по группам газопотребления)
AL9: на территории | AM9: Челябинской области
AM10: (наименование субъекта Российской Федерации)
A11: в | C11: г. Челябинск
C12: (наименование зоны обслуживания/обособленной системы)
BG13: период 01.01.2026 по 31.08.2026 года
A14: Вид тарифа | BG14: Объемы газа, тыс.м3
B15: Дифференцированный тариф всего, в том числе: | BG15: 0
B16: 1 группа | BG16: 0
B17: 2 группа | BG17: 0
B18: 3 группа | BG18: 0
B19: 4 группа | BG19: 0
B20: 5 группа | BG20: 0
B21: 6 группа | BG21: 0
B22: 7 группа | BG22: 0
B23: 8 группа (население) | BG23: 0
B24: Транзитный тариф | BG24: =('Прил.4_ф-6_ФАКТ налич.возм'!G33+'Прил.4_ф-6_ФАКТ налич.возм'!G66+'Прил.4_ф-6_ФАКТ налич.возм'!G99+'Прил.4_ф-6_ФАКТ налич.возм'!G132+'Прил.4_ф-6_ФАКТ налич.возм'!G165+'Прил.4_ф-6_ФАКТ налич.возм'!G198+'Прил.4_ф-6_ФАКТ налич.возм'!G231+'Прил.4_ф-6_ФАКТ налич.возм'!G264+'Прил.4_ф-6_ФАКТ налич.возм'!G297+'Прил.4_ф-6_ФАКТ налич.возм'!G330+'Прил.4_ф-6_ФАКТ налич.возм'!G363+'Прил.4_ф-6_ФАКТ налич.возм'!G396)*1000 -> 10643.998
B25: Итого: | BG25: =BG24+BG15 -> 10643.998

Sheet Прил.3_ф-3_ПНК
DA1: Приложение № 3
DA2: к приказу ФАС России от 08.09.2022 № 960/22
DA3: Форма 3
A5: Информация об основных потребительских характеристиках регулируемых услуг
A6: и их соответствии стандартам качества | AW6: ООО "Индустриальный Парк "Станкомаш"
AW7: (наименование субъекта естественной монополии)
Q9: на 20 | X9: 26 | AB9: год в сфере оказания услуг по транспортировке газа
A10: по газораспределительным сетям на территории
Y11: Челябинская область
Y12: (наименование субъекта Российской Федерации)
A13: в | C13: г. Челябинск
C14: (наименование зоны обслуживания/обособленной системы)
A16: Наименование показателя | AJ16: Значение планового показателя на 2026г (Пост.81/17 от 28.11.2025 г.) | BA16: Значение фактического показателя за 2024 год (Пост.60/1 от 23.09.2025 г.) | BR16: Место размещения сведений в информационно-коммуникационной сети "Интернет" | CI16: Реквизиты
A17: 1 | AJ17: 2 | BA17: 3 | BR17: 4 | CI17: 5
B18: Показатель надежности услуг по транспортировке газа по газораспределительным сетям (Кнад) | AJ18: 1 | BA18: 1 | BR18: https://stankomash.konar.ru/raskrytie-informacii/
B19: Показатель качества услуг по транспортировке газа по газораспределительным сетям (Ккач) | AJ19: 1 | BA19: 1 | BR19: https://stankomash.konar.ru/raskrytie-informacii/
B20: Обобщенный показатель надежности и качества оказываемых услуг (Коб) | AJ20: 1 | BA20: 1 | BR20: https://stankomash.konar.ru/raskrytie-informacii/
B21: Сведения о лицензии | CI21: № ВХ-56-004925 от 29.02.2016г.

Sheet Прил.4_ф-6_ПЛАН налич.возм
H1: Приложение № 4
H2: к приказу ФАС России от 18.01.2019 № 38/19
H3: Форма 6
A5: Информация о наличии (отсутствии) технической возможности доступа к регулируемым услугам
D6: по транспортировке газа по газораспределительным сетям | E6: ООО Индустриальный Парк "Станкомаш"
E7: (наименование субъекта естественной монополии)
E8: ПЛАН
D10: на | E10: ЯНВАРЬ | F10: 2026 года
A12: период 01.01.2026 по 31.01.2026 года
A13: № п/п | B13: Точка входа в газораспределительную сеть | C13: Точка выхода из газораспределительной сети | D13: Наименование потребителя | E13: Номер группы газопотребления/ транзит | F13: Объемы газа в соответствии с поступившими заявками, млн. куб. м | G13: Объемы газа в соответствии с удовлетворенными заявками, млн. куб. м | H13: Свободная мощность газораспределительной сети, млн. куб. м
B14: 1 | C14: 2 | D14: 3 | E14: 4 | F14: 5 | G14: 6 | H14: 7
A15: 1 | B15: ГРП г. Челябинск ул. Енисейская 8 | C15: ООО "БВК" | D15: ООО "БВК" | E15: транзит | F15: 0.7 | J15: 0.95 | K15: 0.8 | L15: 0.8 | M15: 0.45 | N15: 0.25 | O15: 0.2 | P15: 0.3 | Q15: 0.35 | R15: 0.4 | S15: 0.7 | T15: 0.9 | U15: 1
A16: 2 | C16: ООО "Модерн-Гласс" | D16: ООО "Модерн-Гласс" | E16: транзит | F16: 0.29 | J16: 0.29 | K16: 0.275 | L16: 0.25 | M16: 0.24 | N16: 0.23 | O16: 0.21 | P16: 0.21 | Q16: 0.21 | R16: 0.22 | S16: 0.25 | T16: 0.275 | U16: 0.29
A17: 3 | C17: ООО "КРУГ" | D17: =C17 -> ООО "КРУГ" | E17: транзит | F17: 0.09 | J17: 0.09 | K17: 0.1 | L17: 0.1 | M17: 0.085 | N17: 0.09 | O17: 0.085 | P17: 0.085 | Q17: 0.085 | R17: 0.085 | S17: 0.09 | T17: 0.095 | U17: 0.1
A18: 4 | C18: ИП Первухин Л.В. | D18: =C18 -> ИП Первухин Л.В. | E18: транзит | F18: 0.014 | J18: 0.014 | K18: 0.012 | L18: 0.009089 | M18: 0.007 | N18: 0.0016 | O18: 0.001 | P18: 0.001 | Q18: 0.001 | R18: 0.0015 | S18: 0.01 | T18: 0.012 | U18: 0.013
A19: 5 | C19: АО "ТНН" | D19: =C19 -> АО "ТНН" | E19: транзит | F19: 0.1 | J19: 0.1 | K19: 0.08 | L19: 0.055 | M19: 0.02 | N19: 0.005 | O19: 0.002 | P19: 0.002 | Q19: 0.002 | R19: 0.005 | S19: 0.04 | T19: 0.08 | U19: 0.1
A20: 6 | C20: АО "ТНН" | D20: =C20 -> АО "ТНН" | E20: транзит | F20: 0.025 | J20: 0.025 | K20: 0.02 | L20: 0.02 | M20: 0.01 | N20: 0.005 | O20: 0 | P20: 0 | Q20: 0 | R20: 0.005 | S20: 0.015 | T20: 0.02 | U20: 0.025
A21: 7 | C21: АО "РЭД" | D21: =C21 -> АО "РЭД" | E21: транзит | F21: 0.25 | J21: 0.25 | K21: 0.23 | L21: 0.155 | M21: 0.09 | N21: 0.03 | O21: 0.02 | P21: 0.02 | Q21: 0.02 | R21: 0.03 | S21: 0.09 | T21: 0.155 | U21: 0.25
A22: 8 | C22: ООО "РАМА" | D22: =C22 -> ООО "РАМА" | E22: транзит | F22: 0.0302 | J22: 0.0302 | K22: 0.0272 | L22: 0.0202 | M22: 0.0172 | N22: 0.0082 | O22: 0.0072 | P22: 0.0072 | Q22: 0.0072 | R22: 0.0082 | S22: 0.0172 | T22: 0.0272 | U22: 0.0302
A23: 9 | C23: ООО "Промсырье" | D23: =C23 -> ООО "Промсырье" | E23: транзит | F23: 0.01 | J23: 0.01 | K23: 0.009 | L23: 0.007 | M23: 0.007 | N23: 0.008 | O23: 0.008 | P23: 0.008 | Q23: 0.008 | R23: 0.008 | S23: 0.008 | T23: 0.009 | U23: 0.01
A24: 10 | C24: ООО "ЧМСК" | D24: =C24 -> ООО "ЧМСК" | E24: транзит | F24: 0
C25: ИП Бадьина О.С. | D25: ИП Бадьина О.С. | E25: транзит | F25: 0
C26: ООО" СКТ" | D26: ООО" СКТ" | E26: транзит | F26: 0
A27: 11 | C27: ИП Климцова А.В. | D27: АЛЬЯНС ООО ПК | E27: транзит | F27: 0
D28: ИНВЕСТСЕРВИС ООО | E28: транзит | F28: 0
D29: ПЛАНЕТА АВТО ООО | E29: транзит | F29: 0
A30: 12 | C30: ООО "Технопарк "Тракторозаводский"" | D30: ООО "Технопарк "Тракторозаводский"" | E30: транзит | F30: 0
A31: 13 | C31: ООО "Лизард" | D31: =C31 -> ООО "Лизард" | E31: транзит | F31: 0 | J31: 0.0025 | K31: 0.0025 | L31: 0.002 | M31: 0.002 | N31: 0 | O31: 0 | P31: 0 | Q31: 0 | R31: 0.0015 | S31: 0.0025 | T31: 0.0025 | U31: 0.0025
A32: 14 | C32: ООО "Научно-производственный центр гидроавтоматики" | D32: =C32 -> ООО "Научно-производственный центр гидроавтоматики" | E32: транзит | F32: 0 | J32: 0.059 | K32: 0.055 | L32: 0.036 | M32: 0.025 | N32: 0 | O32: 0 | P32: 0 | Q32: 0 | R32: 0 | S32: 0.025 | T32: 0.039 | U32: 0.051
B33: ИТОГО: | F33: =SUM(F15:F32) -> 1.5092
H34: Приложение № 4 | J34: 4 | K34: 3.6 | L34: 3.4 | M34: 2.5 | N34: 2.2 | O34: 2 | P34: 2 | Q34: 2.15 | R34: 2.35 | S34: 3 | T34: 3.5 | U34: 4.3
H35: к приказу ФАС России от 18.01.2019 № 38/19
H36: Форма 6
A38: Информация о наличии (отсутствии) технической возможности доступа к регулируемым услугам
D39: по транспортировке газа по газораспределительным сетям | E39: ООО Индустриальный Парк "Станкомаш"
E40: (наименование субъекта естественной монополии)
E41: ПЛАН
D43: на | E43: ФЕВРАЛЬ | F43: 2026 года
A45: период 01.02.2026 по 29.02.2026 года
A46: № п/п | B46: Точка входа в газораспределительную сеть | C46: Точка выхода из газораспределительной сети | D46: Наименование потребителя | E46: Номер группы газопотребления/ транзит | F46: Объемы газа в соответствии с поступившими заявками, млн. куб. м | G46: Объемы газа в соответствии с удовлетворенными заявками, млн. куб. м | H46: Свободная мощность газораспределительной сети, млн. куб. м
B47: 1 | C47: 2 | D47: 3 | E47: 4 | F47: 5 | G47: 6 | H47: 7
A48: 1 | B48: ГРП г. Челябинск ул. Енисейская 8 | C48: ООО "БВК" | D48: ООО "БВК" | E48: транзит | F48: 0.65 | J48: 0.8
A49: 2 | C49: ООО "Модерн-Гласс" | D49: ООО "Модерн-Гласс" | E49: транзит | F49: 0.31
A50: 3 | C50: ООО "КРУГ" | D50: =C50 -> ООО "КРУГ" | E50: транзит | F50: 0.1
A51: 4 | C51: ИП Первухин Л.В. | D51: =C51 -> ИП Первухин Л.В. | E51: транзит | F51: 0.012
A52: 5 | C52: АО "ТНН" | D52: =C52 -> АО "ТНН" | E52: транзит | F52: 0.08
A53: 6 | C53: АО "ТНН" | D53: =C53 -> АО "ТНН" | E53: транзит | F53: 0.02
A54: 7 | C54: АО "РЭД" | D54: =C54 -> АО "РЭД" | E54: транзит | F54: 0.23
A55: 8 | C55: ООО "РАМА" | D55: =C55 -> ООО "РАМА" | E55: транзит | F55: 0.0272
A56: 9 | C56: ООО "Промсырье" | D56: =C56 -> ООО "Промсырье" | E56: транзит | F56: 0.009
A57: 10 | C57: ООО "ЧМСК" | D57: =C57 -> ООО "ЧМСК" | E57: транзит | F57: 0
C58: ИП Бадьина О.С. | D58: ИП Бадьина О.С. | E58: транзит | F58: 0
C59: ООО" СКТ" | D59: ООО" СКТ" | E59: транзит | F59: 0
A60: 11 | C60: ИП Климцова А.В. | D60: АЛЬЯНС ООО ПК | E60: транзит | F60: 0
D61: ИНВЕСТСЕРВИС ООО | E61: транзит | F61: 0
D62: ПЛАНЕТА АВТО ООО | E62: транзит | F62: 0
A63: 12 | C63: ООО "Технопарк "Тракторозаводский"" | D63: ООО "Технопарк "Тракторозаводский"" | E63: транзит | F63: 0
A64: 13 | C64: ООО "Лизард" | D64: =C64 -> ООО "Лизард" | E64: транзит | F64: 0
A65: 14 | C65: ООО "Научно-производственный центр гидроавтоматики" | D65: =C65 -> ООО "Научно-производственный центр гидроавтоматики" | E65: транзит | F65: 0
B66: ИТОГО: | F66: =SUM(F48:F65) -> 1.4382
H67: Приложение № 4
H68: к приказу ФАС России от 18.01.2019 № 38/19
H69: Форма 6
A71: Информация о наличии (отсутствии) технической возможности доступа к регулируемым услугам
D72: по транспортировке газа по газораспределительным сетям | E72: ООО Индустриальный Парк "Станкомаш"
E73: (наименование субъекта естественной монополии)
E74: ПЛАН
D76: на | E76: МАРТ | F76: 2026 года
A78: период 01.03.2026 по 31.03.2026 года
A79: № п/п | B79: Точка входа в газораспределительную сеть | C79: Точка выхода из газораспределительной сети | D79: Наименование потребителя | E79: Номер группы газопотребления/ транзит | F79: Объемы газа в соответствии с поступившими заявками, млн. куб. м | G79: Объемы газа в соответствии с удовлетворенными заявками, млн. куб. м | H79: Свободная мощность газораспределительной сети, млн. куб. м
B80: 1 | C80: 2 | D80: 3 | E80: 4 | F80: 5 | G80: 6 | H80: 7
A81: 1 | B81: ГРП г. Челябинск ул. Енисейская 8 | C81: ООО "БВК" | D81: ООО "БВК" | E81: транзит | F81: 0.5 | J81: 0.8
A82: 2 | C82: ООО "Модерн-Гласс" | D82: ООО "Модерн-Гласс" | E82: транзит | F82: 0.25
A83: 3 | C83: ООО "КРУГ" | D83: =C83 -> ООО "КРУГ" | E83: транзит | F83: 0.1
A84: 4 | C84: ИП Первухин Л.В. | D84: =C84 -> ИП Первухин Л.В. | E84: транзит | F84: 0.009089
A85: 5 | C85: АО "ТНН" | D85: =C85 -> АО "ТНН" | E85: транзит | F85: 0.055
A86: 6 | C86: АО "ТНН" | D86: =C86 -> АО "ТНН" | E86: транзит | F86: 0.02
A87: 7 | C87: АО "РЭД" | D87: =C87 -> АО "РЭД" | E87: транзит | F87: 0.155
A88: 8 | C88: ООО "РАМА" | D88: =C88 -> ООО "РАМА" | E88: транзит | F88: 0.0202
A89: 9 | C89: ООО "Промсырье" | D89: =C89 -> ООО "Промсырье" | E89: транзит | F89: 0.007
A90: 10 | C90: ООО "ЧМСК" | D90: =C90 -> ООО "ЧМСК" | E90: транзит | F90: 0
C91: ИП Бадьина О.С. | D91: ИП Бадьина О.С. | E91: транзит | F91: 0
C92: ООО" СКТ" | D92: ООО" СКТ" | E92: транзит | F92: 0
A93: 11 | C93: ИП Климцова А.В. | D93: АЛЬЯНС ООО ПК | E93: транзит | F93: 0
D94: ИНВЕСТСЕРВИС ООО | E94: транзит | F94: 0
D95: ПЛАНЕТА АВТО ООО | E95: транзит | F95: 0
A96: 12 | C96: ООО "Технопарк "Тракторозаводский"" | D96: ООО "Технопарк "Тракторозаводский"" | E96: транзит | F96: 0
A97: 13 | C97: ООО "Лизард" | D97: =C97 -> ООО "Лизард" | E97: транзит | F97: 0
A98: 14 | C98: ООО "Научно-производственный центр гидроавтоматики" | D98: =C98 -> ООО "Научно-производственный центр гидроавтоматики" | E98: транзит | F98: 0
B99: ИТОГО: | F99: =SUM(F81:F98) -> 1.116289
H100: Приложение № 4
H101: к приказу ФАС России от 18.01.2019 № 38/19
H102: Форма 6
A104: Информация о наличии (отсутствии) технической возможности доступа к регулируемым услугам
D105: по транспортировке газа по газораспределительным сетям | E105: ООО Индустриальный Парк "Станкомаш"
E106: (наименование субъекта естественной монополии)
E107: ПЛАН
D109: на | E109: АПРЕЛЬ | F109: 2026 года
A111: период 01.04.2026 по 30.04.2026 года
A112: № п/п | B112: Точка входа в газораспределительную сеть | C112: Точка выхода из газораспределительной сети | D112: Наименование потребителя | E112: Номер группы газопотребления/ транзит | F112: Объемы газа в соответствии с поступившими заявками, млн. куб. м | G112: Объемы газа в соответствии с удовлетворенными заявками, млн. куб. м | H112: Свободная мощность газораспределительной сети, млн. куб. м
...

Sheet Прил.4_ф-6_ФАКТ налич.возм
H1: Приложение № 4
H2: к приказу ФАС России от 08.09.2022 № 960/22
H3: Форма 6
A5: Информация о наличии (отсутствии) технической возможности доступа к регулируемым услугам
D6: по транспортировке газа по газораспределительным сетям | E6: ООО Индустриальный Парк "Станкомаш"
E7: (наименование субъекта естественной монополии)
E8: ФАКТ
D10: за | E10: ЯНВАРЬ | F10: 2026 года
A12: период 01.01.2026 по 31.01.2026 года
A13: № п/п | B13: Точка входа в газораспределительную сеть | C13: Точка выхода из газораспределительной сети | D13: Наименование потребителя | E13: Номер группы газопотребления/ транзит | F13: Объемы газа в соответствии с поступившими заявками, млн. куб. м | G13: Объемы газа в соответствии с удовлетворенными заявками, млн. куб. м | H13: Свободная мощность газораспределительной сети, млн. куб. м
B14: 1 | C14: 2 | D14: 3 | E14: 4 | F14: 5 | G14: 6 | H14: 7
A15: 1 | B15: ГРП | C15: ООО "БВК" | D15: ООО "БВК" | E15: транзит | F15: 0.85 | G15: 0.938991 | H15: =F15-G15 -> -0.088991
A16: 2 | C16: ООО "Модерн-Гласс" | D16: ООО "Модерн-Гласс" | E16: транзит | F16: 0.6 | G16: 0.620054 | H16: =F16-G16 -> -0.020054
A17: 3 | C17: ООО "КРУГ" | D17: =C17 -> ООО "КРУГ" | E17: транзит | F17: ='Прил.4_ф-6_ПЛАН налич.возм'!F17 -> 0.09 | G17: 0.018102 | H17: =F17-G17 -> 0.071898
A18: 4 | C18: ИП Первухин Л.В. | D18: =C18 -> ИП Первухин Л.В. | E18: транзит | F18: ='Прил.4_ф-6_ПЛАН налич.возм'!F18 -> 0.014 | G18: 0.017229 | H18: =F18-G18 -> -0.003229
A19: 5 | C19: АО "ТНН" | D19: =C19 -> АО "ТНН" | E19: транзит | F19: ='Прил.4_ф-6_ПЛАН налич.возм'!F19 -> 0.1 | G19: 0.095667 | H19: =F19-G19 -> 0.004333
A20: 6 | C20: АО "ТНН" | D20: =C20 -> АО "ТНН" | E20: транзит | F20: ='Прил.4_ф-6_ПЛАН налич.возм'!F20 -> 0.025 | G20: 0.02511 | H20: =F20-G20 -> -0.00011
A21: 7 | C21: АО "РЭД" | D21: =C21 -> АО "РЭД" | E21: транзит | F21: ='Прил.4_ф-6_ПЛАН налич.возм'!F21 -> 0.25 | G21: 0.111072 | H21: =F21-G21 -> 0.138928
A22: 8 | C22: ООО "РАМА" | D22: =C22 -> ООО "РАМА" | E22: транзит | F22: ='Прил.4_ф-6_ПЛАН налич.возм'!F22 -> 0.0302 | G22: 0.025246 | H22: =F22-G22 -> 0.004954
A23: 9 | C23: ООО "Промсырье" | D23: =C23 -> ООО "Промсырье" | E23: транзит | F23: ='Прил.4_ф-6_ПЛАН налич.возм'!F23 -> 0.01 | G23: 0.002 | H23: =F23-G23 -> 0.008
A24: 10 | C24: ООО "ЧМСК" | D24: =C24 -> ООО "ЧМСК" | E24: транзит | F24: ='Прил.4_ф-6_ПЛАН налич.возм'!F24 -> 0 | G24: 0.01 | H24: =F24-G24 -> -0.01
A25: 11 | C25: ИП Бадьина О.С. | D25: ИП Бадьина О.С. | E25: транзит | F25: ='Прил.4_ф-6_ПЛАН налич.возм'!F25 -> 0 | G25: 0.010479 | H25: =F25-G25 -> -0.010479
C26: ООО" СКТ" | D26: ООО" СКТ" | E26: транзит | F26: ='Прил.4_ф-6_ПЛАН налич.возм'!F26 -> 0 | G26: 0.121006 | H26: =F26-G26 -> -0.121006
A27: 12 | C27: ИП Климцова А.В. | D27: АЛЬЯНС ООО ПК | E27: транзит | F27: ='Прил.4_ф-6_ПЛАН налич.возм'!F27 -> 0 | G27: 0.034466 | H27: =F27-G27 -> -0.034466
D28: ИНВЕСТСЕРВИС ООО | E28: транзит | F28: ='Прил.4_ф-6_ПЛАН налич.возм'!F28 -> 0 | G28: 0.213756 | H28: =F28-G28 -> -0.213756
D29: ПЛАНЕТА АВТО ООО | E29: транзит | F29: ='Прил.4_ф-6_ПЛАН налич.возм'!F29 -> 0 | G29: 0.062512 | H29: =F29-G29 -> -0.062512
A30: 13 | C30: ООО "Технопарк "Тракторозаводский"" | D30: ООО "Технопарк "Тракторозаводский"" | E30: транзит | F30: ='Прил.4_ф-6_ПЛАН налич.возм'!F30 -> 0 | H30: =F30-G30 -> 0
A31: 14 | C31: ООО "Лизард" | D31: =C31 -> ООО "Лизард" | E31: транзит | F31: ='Прил.4_ф-6_ПЛАН налич.возм'!F31 -> 0 | H31: =F31-G31 -> 0
A32: 15 | C32: ООО "Научно-производственный центр гидроавтоматики" | D32: =C32 -> ООО "Научно-производственный центр гидроавтоматики" | E32: транзит | F32: ='Прил.4_ф-6_ПЛАН налич.возм'!F32 -> 0 | H32: =F32-G32 -> 0
B33: ИТОГО: | F33: =SUM(F15:F32) -> 1.9692 | G33: =SUM(G15:G32) -> 2.30569 | H33: =SUM(H15:H32) -> -0.33649
H34: Приложение № 4
H35: к приказу ФАС России от 08.09.2022 № 960/22
H36: Форма 6
A38: Информация о наличии (отсутствии) технической возможности доступа к регулируемым услугам
D39: по транспортировке газа по газораспределительным сетям | E39: ООО Индустриальный Парк "Станкомаш"
E40: (наименование субъекта естественной монополии)
E41: ФАКТ
D43: за | E43: ФЕВРАЛЬ | F43: 2026 года
A45: период 01.02.2026 по 28.02.2026 года
A46: № п/п | B46: Точка входа в газораспределительную сеть | C46: Точка выхода из газораспределительной сети | D46: Наименование потребителя | E46: Номер группы газопотребления/ транзит | F46: Объемы газа в соответствии с поступившими заявками, млн. куб. м | G46: Объемы газа в соответствии с удовлетворенными заявками, млн. куб. м | H46: Свободная мощность газораспределительной сети, млн. куб. м
B47: 1 | C47: 2 | D47: 3 | E47: 4 | F47: 5 | G47: 6 | H47: 7
A48: 1 | B48: ГРП | C48: ООО "БВК" | D48: ООО "БВК" | E48: транзит | F48: 0.75 | G48: 0.614431 | H48: =F48-G48 -> 0.135569
A49: 2 | C49: ООО "Модерн-Гласс" | D49: ООО "Модерн-Гласс" | E49: транзит | F49: 0.5 | G49: 0.533925 | H49: =F49-G49 -> -0.033925
A50: 3 | C50: ООО "КРУГ" | D50: =C50 -> ООО "КРУГ" | E50: транзит | F50: ='Прил.4_ф-6_ПЛАН налич.возм'!F50 -> 0.1 | G50: 0.015429 | H50: =F50-G50 -> 0.084571
A51: 4 | C51: ИП Первухин Л.В. | D51: =C51 -> ИП Первухин Л.В. | E51: транзит | F51: ='Прил.4_ф-6_ПЛАН налич.возм'!F51 -> 0.012 | G51: 0.018048 | H51: =F51-G51 -> -0.006048
A52: 5 | C52: АО "ТНН" | D52: =C52 -> АО "ТНН" | E52: транзит | F52: ='Прил.4_ф-6_ПЛАН налич.возм'!F52 -> 0.08 | G52: 0.071083 | H52: =F52-G52 -> 0.008917
A53: 6 | C53: АО "ТНН" | D53: =C53 -> АО "ТНН" | E53: транзит | F53: ='Прил.4_ф-6_ПЛАН налич.возм'!F53 -> 0.02 | G53: 0.020363 | H53: =F53-G53 -> -0.000363
A54: 7 | C54: АО "РЭД" | D54: =C54 -> АО "РЭД" | E54: транзит | F54: ='Прил.4_ф-6_ПЛАН налич.возм'!F54 -> 0.23 | G54: 0.075244 | H54: =F54-G54 -> 0.154756
A55: 8 | C55: ООО "РАМА" | D55: =C55 -> ООО "РАМА" | E55: транзит | F55: ='Прил.4_ф-6_ПЛАН налич.возм'!F55 -> 0.0272 | G55: 0.01594 | H55: =F55-G55 -> 0.01126
A56: 9 | C56: ООО "Промсырье" | D56: =C56 -> ООО "Промсырье" | E56: транзит | F56: ='Прил.4_ф-6_ПЛАН налич.возм'!F56 -> 0.009 | G56: 0.002031 | H56: =F56-G56 -> 0.006969
A57: 10 | C57: ООО "ЧМСК" | D57: =C57 -> ООО "ЧМСК" | E57: транзит | F57: ='Прил.4_ф-6_ПЛАН налич.возм'!F57 -> 0 | G57: 0.009611 | H57: =F57-G57 -> -0.009611
A58: 11 | C58: ИП Бадьина О.С. | D58: ИП Бадьина О.С. | E58: транзит | F58: ='Прил.4_ф-6_ПЛАН налич.возм'!F58 -> 0 | G58: 0.007829 | H58: =F58-G58 -> -0.007829
C59: ООО" СКТ" | D59: ООО" СКТ" | E59: транзит | F59: ='Прил.4_ф-6_ПЛАН налич.возм'!F59 -> 0 | G59: 0.088002 | H59: =F59-G59 -> -0.088002
A60: 12 | C60: ИП Климцова А.В. | D60: АЛЬЯНС ООО ПК | E60: транзит | F60: ='Прил.4_ф-6_ПЛАН налич.возм'!F60 -> 0 | G60: 0.023946 | H60: =F60-G60 -> -0.023946
D61: ИНВЕСТСЕРВИС ООО | E61: транзит | F61: ='Прил.4_ф-6_ПЛАН налич.возм'!F61 -> 0 | G61: 0.180495 | H61: =F61-G61 -> -0.180495
D62: ПЛАНЕТА АВТО ООО | E62: транзит | F62: ='Прил.4_ф-6_ПЛАН налич.возм'!F62 -> 0 | G62: 0.049799 | H62: =F62-G62 -> -0.049799
A63: 13 | C63: ООО "Технопарк "Тракторозаводский"" | D63: ООО "Технопарк "Тракторозаводский"" | E63: транзит | F63: ='Прил.4_ф-6_ПЛАН налич.возм'!F63 -> 0 | G63: 0 | H63: =F63-G63 -> 0
A64: 14 | C64: ООО "Лизард" | D64: =C64 -> ООО "Лизард" | E64: транзит | F64: ='Прил.4_ф-6_ПЛАН налич.возм'!F64 -> 0 | G64: 0 | H64: =F64-G64 -> 0
A65: 15 | C65: ООО "Научно-производственный центр гидроавтоматики" | D65: =C65 -> ООО "Научно-производственный центр гидроавтоматики" | E65: транзит | F65: ='Прил.4_ф-6_ПЛАН налич.возм'!F65 -> 0 | G65: 0 | H65: =F65-G65 -> 0
B66: ИТОГО: | F66: =SUM(F48:F65) -> 1.7282 | G66: =SUM(G48:G65) -> 1.726176 | H66: =SUM(H48:H65) -> 0.002024
H67: Приложение № 4
H68: к приказу ФАС России от 08.09.2022 № 960/22
H69: Форма 6
A71: Информация о наличии (отсутствии) технической возможности доступа к регулируемым услугам
D72: по транспортировке газа по газораспределительным сетям | E72: ООО Индустриальный Парк "Станкомаш"
E73: (наименование субъекта естественной монополии)
E74: ФАКТ
D76: за | E76: МАРТ | F76: 2026 года
A78: период 01.03.2026 по 31.03.2026 года
A79: № п/п | B79: Точка входа в газораспределительную сеть | C79: Точка выхода из газораспределительной сети | D79: Наименование потребителя | E79: Номер группы газопотребления/ транзит | F79: Объемы газа в соответствии с поступившими заявками, млн. куб. м | G79: Объемы газа в соответствии с удовлетворенными заявками, млн. куб. м | H79: Свободная мощность газораспределительной сети, млн. куб. м
B80: 1 | C80: 2 | D80: 3 | E80: 4 | F80: 5 | G80: 6 | H80: 7
A81: 1 | B81: ГРП | C81: ООО "БВК" | D81: ООО "БВК" | E81: транзит | F81: 0.65 | G81: 0.440158 | H81: =F81-G81 -> 0.209842
A82: 2 | C82: ООО "Модерн-Гласс" | D82: ООО "Модерн-Гласс" | E82: транзит | F82: 0.53 | G82: 0.51045 | H82: =F82-G82 -> 0.01955
A83: 3 | C83: ООО "КРУГ" | D83: =C83 -> ООО "КРУГ" | E83: транзит | F83: ='Прил.4_ф-6_ПЛАН налич.возм'!F83 -> 0.1 | G83: 0.035668 | H83: =F83-G83 -> 0.064332
A84: 4 | C84: ИП Первухин Л.В. | D84: =C84 -> ИП Первухин Л.В. | E84: транзит | F84: ='Прил.4_ф-6_ПЛАН налич.возм'!F84 -> 0.009089 | G84: 0.009793 | H84: =F84-G84 -> -0.000704
A85: 5 | C85: АО "ТНН" | D85: =C85 -> АО "ТНН" | E85: транзит | F85: ='Прил.4_ф-6_ПЛАН налич.возм'!F85 -> 0.055 | G85: 0.048644 | H85: =F85-G85 -> 0.006356
A86: 6 | C86: АО "ТНН" | D86: =C86 -> АО "ТНН" | E86: транзит | F86: ='Прил.4_ф-6_ПЛАН налич.возм'!F86 -> 0.02 | G86: 0.017105 | H86: =F86-G86 -> 0.002895
A87: 7 | C87: АО "РЭД" | D87: =C87 -> АО "РЭД" | E87: транзит | F87: ='Прил.4_ф-6_ПЛАН налич.возм'!F87 -> 0.155 | G87: 0.064378 | H87: =F87-G87 -> 0.090622
A88: 8 | C88: ООО "РАМА" | D88: =C88 -> ООО "РАМА" | E88: транзит | F88: ='Прил.4_ф-6_ПЛАН налич.возм'!F88 -> 0.0202 | G88: 0.010832 | H88: =F88-G88 -> 0.009368
A89: 9 | C89: ООО "Промсырье" | D89: =C89 -> ООО "Промсырье" | E89: транзит | F89: ='Прил.4_ф-6_ПЛАН налич.возм'!F89 -> 0.007 | G89: 0.001355 | H89: =F89-G89 -> 0.005645
A90: 10 | C90: ООО "ЧМСК" | D90: =C90 -> ООО "ЧМСК" | E90: транзит | F90: ='Прил.4_ф-6_ПЛАН налич.возм'!F90 -> 0 | G90: 0.007873 | H90: =F90-G90 -> -0.007873
A91: 11 | C91: ИП Бадьина О.С. | D91: ИП Бадьина О.С. | E91: транзит | F91: ='Прил.4_ф-6_ПЛАН налич.возм'!F91 -> 0 | G91: 0.007106 | H91: =F91-G91 -> -0.007106
C92: ООО" СКТ" | D92: ООО" СКТ" | E92: транзит | F92: ='Прил.4_ф-6_ПЛАН налич.возм'!F92 -> 0 | G92: 0.180415 | H92: =F92-G92 -> -0.180415
A93: 12 | C93: ИП Климцова А.В. | D93: АЛЬЯНС ООО ПК | E93: транзит | F93: ='Прил.4_ф-6_ПЛАН налич.возм'!F93 -> 0 | G93: 0.020372 | H93: =F93-G93 -> -0.020372
D94: ИНВЕСТСЕРВИС ООО | E94: транзит | F94: ='Прил.4_ф-6_ПЛАН налич.возм'!F94 -> 0 | G94: 0.175081 | H94: =F94-G94 -> -0.175081
D95: ПЛАНЕТА АВТО ООО | E95: транзит | F95: ='Прил.4_ф-6_ПЛАН налич.возм'!F95 -> 0 | G95: 0.040767 | H95: =F95-G95 -> -0.040767
A96: 13 | C96: ООО "Технопарк "Тракторозаводский"" | D96: ООО "Технопарк "Тракторозаводский"" | E96: транзит | F96: ='Прил.4_ф-6_ПЛАН налич.возм'!F96 -> 0 | G96: 0 | H96: =F96-G96 -> 0
A97: 14 | C97: ООО "Лизард" | D97: =C97 -> ООО "Лизард" | E97: транзит | F97: ='Прил.4_ф-6_ПЛАН налич.возм'!F97 -> 0 | G97: 0 | H97: =F97-G97 -> 0
A98: 15 | C98: ООО "Научно-производственный центр гидроавтоматики" | D98: =C98 -> ООО "Научно-производственный центр гидроавтоматики" | E98: транзит | F98: ='Прил.4_ф-6_ПЛАН налич.возм'!F98 -> 0 | G98: 0 | H98: =F98-G98 -> 0
B99: ИТОГО: | F99: =SUM(F81:F98) -> 1.546289 | G99: =SUM(G81:G98) -> 1.569997 | H99: =SUM(H81:H98) -> -0.023708
H100: Приложение № 4
H101: к приказу ФАС России от 08.09.2022 № 960/22
H102: Форма 6
A104: Информация о наличии (отсутствии) технической возможности доступа к регулируемым услугам
D105: по транспортировке газа по газораспределительным сетям | E105: ООО Индустриальный Парк "Станкомаш"
E106: (наименование субъекта естественной монополии)
E107: ФАКТ
D109: за | E109: АПРЕЛЬ | F109: 2026 года
A111: период 01.04.2026 по 30.04.2026 года
A112: № п/п | B112: Точка входа в газораспределительную сеть | C112: Точка выхода из газораспределительной сети | D112: Наименование потребителя | E112: Номер группы газопотребления/ транзит | F112: Объемы газа в соответствии с поступившими заявками, млн. куб. м | G112: Объемы газа в соответствии с удовлетворенными заявками, млн. куб. м | H112: Свободная мощность газораспределительной сети, млн. куб. м
...

Sheet Прил.4_ф-7_Налич.возм.групп
K1: Приложение № 4
K2: к приказу ФАС России от 08.09.2022 № 960/22
K3: Форма 7
A5: Информация о наличии (отсутствии) технической возможности доступа к регулируемым услугам по транспортировке газа по газораспределительным сетям (с детализацией по группам газопотребления)
A6: ООО "Индустриальный Парк "Станкомаш" | I6: за 20 | J6: 26 | K6: год
B7: (наименование субъекта естественной монополии)
A9: период с 01.01.2026 по 31.01.2026
A10: Группа потребления | D10: Объемы газа в соответствии с поступившими заявками, тыс. м3 | H10: Объемы газа в соответствии с удовлетворенными заявками, тыс. м3
A11: 1 | D11: 2 | H11: 3
A12: Дифференцированный тариф всего, в т.ч.: | D12: =SUM(D13:G20) -> 0 | H12: =SUM(H13:K20) -> 0
A13: 1 группа | D13: 0 | H13: 0
A14: 2 группа | D14: 0 | H14: 0
A15: 3 группа | D15: 0 | H15: 0
A16: 4 группа | D16: 0 | H16: 0
A17: 5 группа | D17: 0 | H17: 0
A18: 6 группа | D18: 0 | H18: 0
A19: 7 группа | D19: 0 | H19: 0
A20: 8 группа (население) | D20: 0 | H20: 0
A21: Транзитный тариф | D21: =SUM('Прил.4_ф-6_ФАКТ налич.возм'!F33)*1000 -> 1969.2 | H21: =SUM('Прил.4_ф-6_ФАКТ налич.возм'!G33)*1000 -> 2305.69
A22: Итого: | D22: =D21+D12 -> 1969.2 | H22: =H21+H12 -> 2305.69
K24: Приложение № 4
K25: к приказу ФАС России от 08.09.2022 № 960/22
K26: Форма 7
A28: Информация о наличии (отсутствии) технической возможности доступа к регулируемым услугам по транспортировке газа по газораспределительным сетям (с детализацией по группам газопотребления)
A29: ООО "Индустриальный Парк "Станкомаш" | I29: за 20 | J29: 26 | K29: год
B30: (наименование субъекта естественной монополии)
A32: период с 01.02.2026 по 29.02.2026
A33: Группа потребления | D33: Объемы газа в соответствии с поступившими заявками, тыс. м3 | H33: Объемы газа в соответствии с удовлетворенными заявками, тыс. м3
A34: 1 | D34: 2 | H34: 3
A35: Дифференцированный тариф всего, в т.ч.: | D35: =SUM(D36:G43) -> 0 | H35: =SUM(H36:K43) -> 0
A36: 1 группа | D36: 0 | H36: 0
A37: 2 группа | D37: 0 | H37: 0
A38: 3 группа | D38: 0 | H38: 0
A39: 4 группа | D39: 0 | H39: 0
A40: 5 группа | D40: 0 | H40: 0
A41: 6 группа | D41: 0 | H41: 0
A42: 7 группа | D42: 0 | H42: 0
A43: 8 группа (население) | D43: 0 | H43: 0
A44: Транзитный тариф | D44: =SUM('Прил.4_ф-6_ФАКТ налич.возм'!F66)*1000 -> 1728.2 | H44: =SUM('Прил.4_ф-6_ФАКТ налич.возм'!G66)*1000 -> 1726.176
A45: Итого: | D45: =D44+D35 -> 1728.2 | H45: =H44+H35 -> 1726.176
K47: Приложение № 4
K48: к приказу ФАС России от 08.09.2022 № 960/22
K49: Форма 7
A50: Информация о наличии (отсутствии) технической возможности доступа к регулируемым услугам по транспортировке газа по газораспределительным сетям (с детализацией по группам газопотребления)
A51: ООО "Индустриальный Парк "Станкомаш" | I51: за 20 | J51: 26 | K51: год
B52: (наименование субъекта естественной монополии)
A54: период с 01.03.2026 по 31.03.2026
A55: Группа потребления | D55: Объемы газа в соответствии с поступившими заявками, тыс. м3 | H55: Объемы газа в соответствии с удовлетворенными заявками, тыс. м3
A56: 1 | D56: 2 | H56: 3
A57: Дифференцированный тариф всего, в т.ч.: | D57: =SUM(D58:G65) -> 0 | H57: =SUM(H58:K65) -> 0
A58: 1 группа | D58: 0 | H58: 0
A59: 2 группа | D59: 0 | H59: 0
A60: 3 группа | D60: 0 | H60: 0
A61: 4 группа | D61: 0 | H61: 0
A62: 5 группа | D62: 0 | H62: 0
A63: 6 группа | D63: 0 | H63: 0
A64: 7 группа | D64: 0 | H64: 0
A65: 8 группа (население) | D65: 0 | H65: 0
A66: Транзитный тариф | D66: =SUM('Прил.4_ф-6_ФАКТ налич.возм'!F99)*1000 -> 1546.289 | H66: =SUM('Прил.4_ф-6_ФАКТ налич.возм'!G99)*1000 -> 1569.997
A67: Итого: | D67: =D66+D57 -> 1546.289 | H67: =H66+H57 -> 1569.997
K69: Приложение № 4
K70: к приказу ФАС России от 08.09.2022 № 960/22
K71: Форма 7
A73: Информация о наличии (отсутствии) технической возможности доступа к регулируемым услугам по транспортировке газа по газораспределительным сетям (с детализацией по группам газопотребления)
A74: ООО "Индустриальный Парк "Станкомаш" | I74: за 20 | J74: 26 | K74: год
B75: (наименование субъекта естественной монополии)
A77: период с 01.04.2026 по 30.04.2026
A78: Группа потребления | D78: Объемы газа в соответствии с поступившими заявками, тыс. м3 | H78: Объемы газа в соответствии с удовлетворенными заявками, тыс. м3
A79: 1 | D79: 2 | H79: 3
A80: Дифференцированный тариф всего, в т.ч.: | D80: =SUM(D81:G88) -> 0 | H80: =SUM(H81:K88) -> 0
A81: 1 группа | D81: 0 | H81: 0
A82: 2 группа | D82: 0 | H82: 0
A83: 3 группа | D83: 0 | H83: 0
A84: 4 группа | D84: 0 | H84: 0
A85: 5 группа | D85: 0 | H85: 0
A86: 6 группа | D86: 0 | H86: 0
A87: 7 группа | D87: 0 | H87: 0
A88: 8 группа (население) | D88: 0 | H88: 0
A89: Транзитный тариф | D89: =SUM('Прил.4_ф-6_ФАКТ налич.возм'!F132)*1000 -> 1288.7 | H89: =SUM('Прил.4_ф-6_ФАКТ налич.возм'!G132)*1000 -> 1146.353
A90: Итого: | D90: =D89+D80 -> 1288.7 | H90: =H89+H80 -> 1146.353
K92: Приложение № 4
K93: к приказу ФАС России от 08.09.2022 № 960/22
K94: Форма 7
A96: Информация о наличии (отсутствии) технической возможности доступа к регулируемым услугам по транспортировке газа по газораспределительным сетям (с детализацией по группам газопотребления)
A97: ООО "Индустриальный Парк "Станкомаш" | I97: за 20 | J97: 26 | K97: год
B98: (наименование субъекта естественной монополии)
A100: период с 01.05.2026 по 31.05.2026
A101: Группа потребления | D101: Объемы газа в соответствии с поступившими заявками, тыс. м3 | H101: Объемы газа в соответствии с удовлетворенными заявками, тыс. м3
A102: 1 | D102: 2 | H102: 3
A103: Дифференцированный тариф всего, в т.ч.: | D103: =SUM(D104:G111) -> 0 | H103: =SUM(H104:K111) -> 0
A104: 1 группа | D104: 0 | H104: 0
A105: 2 группа | D105: 0 | H105: 0
A106: 3 группа | D106: 0 | H106: 0
A107: 4 группа | D107: 0 | H107: 0
A108: 5 группа | D108: 0 | H108: 0
A109: 6 группа | D109: 0 | H109: 0
A110: 7 группа | D110: 0 | H110: 0
A111: 8 группа (население) | D111: 0 | H111: 0
A112: Транзитный тариф | D112: =SUM('Прил.4_ф-6_ФАКТ налич.возм'!F165)*1000 -> 1186.3 | H112: =SUM('Прил.4_ф-6_ФАКТ налич.возм'!G165)*1000 -> 1097.223
A113: Итого: | D113: =D112+D103 -> 1186.3 | H113: =H112+H103 -> 1097.223
...

Sheet Прил.5_ф-2_Реализ.заявок
G1: Приложение № 5
G2: к приказу ФАС России от 08.09.2022 № 960/22
G3: Форма 2
A4: Информация о регистрации и ходе реализации заявок на доступ к услугам по транспортировке газа по газораспределительным сетям
B5: Общество с ограниченной ответственностью Индустриальный Парк "Станкомаш"
A7: в г. Челябинск, Индустриальный Парк "Станкомаш"
G8: период с 01.01.2026 по 31.01.2026
A9: Наименование газораспределительной сети | B9: Точка входа в газораспреде-лительную сеть | C9: Количество поступивших заявок, штук | D9: Количество отклоненных заявок, штук | F9: Количество заявок, находящихся на рассмотрении, штук | G9: Количество удовлетворенных заявок, штук
D10: в связи с отсутствием документов | E10: в связи с отсутствием технической возможности
A11: 1 | B11: 2 | C11: 3 | D11: 4 | E11: 5 | F11: 6 | G11: 7
A12: Газораспределительная сеть ООО Индустриальный Парк "Станкомаш" г.Челябинск | B12: ГРПБ | C12: 1 | D12: - | E12: - | F12: 1 | G12: -
G14: Приложение № 5
G15: к приказу ФАС России от 08.09.2022 № 960/22
G16: Форма 2
A17: Информация о регистрации и ходе реализации заявок на доступ к услугам по транспортировке газа по газораспределительнымтям
A18: сетям ООО Индустриальный Парк "Станкомаш"
A19: в г. Челябинск
G21: период с 01.02.2026 по 29.02.2026
A22: Наименование газораспределительной сети | B22: Точка входа в газораспреде-лительную сеть | C22: Количество поступивших заявок, штук | D22: Количество отклоненных заявок, штук | F22: Количество заявок, находящихся на рассмотрении, штук | G22: Количество удовлетворенных заявок, штук
D23: в связи с отсутствием документов | E23: в связи с отсутствием технической возможности
A24: 1 | B24: 2 | C24: 3 | D24: 4 | E24: 5 | F24: 6 | G24: 7
A25: Газораспределительная сеть ООО Индустриальный Парк "Станкомаш" г.Челябинск | B25: ГРПБ | C25: - | D25: - | E25: - | F25: 1 | G25: -
G27: Приложение № 5
G28: к приказу ФАС России от 08.09.2022 № 960/22
G29: Форма 2
A30: Информация о регистрации и ходе реализации заявок на доступ к услугам по транспортировке газа по газораспределительным сетям
B31: Общество с ограниченной ответственностью Индустриальный Парк "Станкомаш"
A33: в г. Челябинск, Индустриальный Парк "Станкомаш"
G34: период с 01.03.2026 по 31.03.2026
A35: Наименование газораспределительной сети | B35: Точка входа в газораспреде-лительную сеть | C35: Количество поступивших заявок, штук | D35: Количество отклоненных заявок, штук | F35: Количество заявок, находящихся на рассмотрении, штук | G35: Количество удовлетворенных заявок, штук
D36: в связи с отсутствием документов | E36: в связи с отсутствием технической возможности
A37: 1 | B37: 2 | C37: 3 | D37: 4 | E37: 5 | F37: 6 | G37: 7
A38: Газораспределительная сеть ООО Индустриальный Парк "Станкомаш" г.Челябинск | B38: ГРПБ | C38: 1 | D38: - | E38: - | F38: 2 | G38: -
G41: Приложение № 5
G42: к приказу ФАС России от 08.09.2022 № 960/22
G43: Форма 2
A44: Информация о регистрации и ходе реализации заявок на доступ к услугам по транспортировке газа по газораспределительным сетям
B45: Общество с ограниченной ответственностью Индустриальный Парк "Станкомаш"
A47: в г. Челябинск, Индустриальный Парк "Станкомаш"
G48: период с 01.04.2026 по 30.04.2026
A49: Наименование газораспределительной сети | B49: Точка входа в газораспреде-лительную сеть | C49: Количество поступивших заявок, штук | D49: Количество отклоненных заявок, штук | F49: Количество заявок, находящихся на рассмотрении, штук | G49: Количество удовлетворенных заявок, штук
D50: в связи с отсутствием документов | E50: в связи с отсутствием технической возможности
A51: 1 | B51: 2 | C51: 3 | D51: 4 | E51: 5 | F51: 6 | G51: 7
A52: Газораспределительная сеть ООО Индустриальный Парк "Станкомаш" г.Челябинск | B52: ГРПБ | C52: - | D52: - | E52: - | F52: 2 | G52: -
G55: Приложение № 5
G56: к приказу ФАС России от 08.09.2022 № 960/22
G57: Форма 2
A58: Информация о регистрации и ходе реализации заявок на доступ к услугам по транспортировке газа по газораспределительным сетям
B59: Общество с ограниченной ответственностью Индустриальный Парк "Станкомаш"
A61: в г. Челябинск, Индустриальный Парк "Станкомаш"
G62: период с 01.05.2026 по 31.05.2026
A63: Наименование газораспределительной сети | B63: Точка входа в газораспреде-лительную сеть | C63: Количество поступивших заявок, штук | D63: Количество отклоненных заявок, штук | F63: Количество заявок, находящихся на рассмотрении, штук | G63: Количество удовлетворенных заявок, штук
D64: в связи с отсутствием документов | E64: в связи с отсутствием технической возможности
A65: 1 | B65: 2 | C65: 3 | D65: 4 | E65: 5 | F65: 6 | G65: 7
A66: Газораспределительная сеть ООО Индустриальный Парк "Станкомаш" г.Челябинск | B66: ГРПБ | C66: - | D66: - | E66: - | F66: 1 | G66: 1
G68: Приложение № 5
G69: к приказу ФАС России от 08.09.2022 № 960/22
G70: Форма 2
A71: Информация о регистрации и ходе реализации заявок на доступ к услугам по транспортировке газа по газораспределительным сетям
B72: Общество с ограниченной ответственностью Индустриальный Парк "Станкомаш"
A74: в г. Челябинск, Индустриальный Парк "Станкомаш"
G75: период с 01.06.2026 по 30.06.2026
A76: Наименование газораспределительной сети | B76: Точка входа в газораспреде-лительную сеть | C76: Количество поступивших заявок, штук | D76: Количество отклоненных заявок, штук | F76: Количество заявок, находящихся на рассмотрении, штук | G76: Количество удовлетворенных заявок, штук
D77: в связи с отсутствием документов | E77: в связи с отсутствием технической возможности
A78: 1 | B78: 2 | C78: 3 | D78: 4 | E78: 5 | F78: 6 | G78: 7
A79: Газораспределительная сеть ООО Индустриальный Парк "Станкомаш" г.Челябинск | B79: ГРПБ | C79: - | D79: - | E79: - | F79: 1 | G79: -
G83: Приложение № 5
G84: к приказу ФАС России от 18.01.2019 № 38/19
G85: Форма 2
A86: Информация о регистрации и ходе реализации заявок на доступ к услугам по транспортировке газа по газораспределительным сетям
B87: Общество с ограниченной ответственностью Индустриальный Парк "Станкомаш"
A89: в г. Челябинск, Индустриальный Парк "Станкомаш"
G90: период с 01.07.2026 по 31.07.2026
A91: Наименование газораспределительной сети | B91: Точка входа в газораспреде-лительную сеть | C91: Количество поступивших заявок, штук | D91: Количество отклоненных заявок, штук | F91: Количество заявок, находящихся на рассмотрении, штук | G91: Количество удовлетворенных заявок, штук
D92: в связи с отсутствием документов | E92: в связи с отсутствием технической возможности
A93: 1 | B93: 2 | C93: 3 | D93: 4 | E93: 5 | F93: 6 | G93: 7
A94: Газораспределительная сеть ООО Индустриальный Парк "Станкомаш" г.Челябинск | B94: ГРПБ | C94: - | D94: - | E94: - | F94: 1 | G94: -
G97: Приложение № 5
G98: к приказу ФАС России от 18.01.2019 № 38/19
G99: Форма 2
A100: Информация о регистрации и ходе реализации заявок на доступ к услугам по транспортировке газа по газораспределительным сетям
B101: Общество с ограниченной ответственностью Индустриальный Парк "Станкомаш"
A103: в г. Челябинск, Индустриальный Парк "Станкомаш"
G104: период с 01.08.2026 по 31.08.2026
A105: Наименование газораспределительной сети | B105: Точка входа в газораспреде-лительную сеть | C105: Количество поступивших заявок, штук | D105: Количество отклоненных заявок, штук | F105: Количество заявок, находящихся на рассмотрении, штук | G105: Количество удовлетворенных заявок, штук
D106: в связи с отсутствием документов | E106: в связи с отсутствием технической возможности
A107: 1 | B107: 2 | C107: 3 | D107: 4 | E107: 5 | F107: 1 | G107: 7
A108: Газораспределительная сеть ООО Индустриальный Парк "Станкомаш" г.Челябинск | B108: ГРПБ | C108: - | D108: - | E108: - | F108: 1 | G108: -
G109: Приложение № 5
G110: к приказу ФАС России от 18.01.2019 № 38/19
G111: Форма 2
A112: Информация о регистрации и ходе реализации заявок на доступ к услугам по транспортировке газа по газораспределительным сетям
B113: Общество с ограниченной ответственностью Индустриальный Парк "Станкомаш"
A115: в г. Челябинск, Индустриальный Парк "Станкомаш"
G116: период с 01.09.2026 по 30.09.2026
A117: Наименование газораспределительной сети | B117: Точка входа в газораспреде-лительную сеть | C117: Количество поступивших заявок, штук | D117: Количество отклоненных заявок, штук | F117: Количество заявок, находящихся на рассмотрении, штук | G117: Количество удовлетворенных заявок, штук
D118: в связи с отсутствием документов | E118: в связи с отсутствием технической возможности
A119: 1 | B119: 2 | C119: 3 | D119: 4 | E119: 5 | F119: 6 | G119: 7
A120: Газораспределительная сеть ООО Индустриальный Парк "Станкомаш" г.Челябинск | B120: ГРПБ | C120: - | D120: - | E120: - | F120: - | G120: -
G123: Приложение № 5
...

Sheet Прил.6_ф-2_Заявки
P1: Приложение № 6
P2: к Приказу ФАС России от 08.12.2022г. № 960/22
P3: Форма 3
A4: Информация о регистрации и ходе реализации заявок о подключении (технологическом присоединении)
A5: к газораспределительным сетям ООО Индустриальный Парк "Станкомаш"
I6: (наименование субъекта естественной монополии)
A8: период с 01.01.2026 по 31.01.2026
A9: Номер по порядку | B9: Категория заявителей | E9: Количество поступивших заявок | G9: Количество отклонённых заявок | M9: Количество заключённых договоров | O9: Количество выполненных присоединений
E10: количество, шт. | F10: объём, м³/час | G10: количество, шт. | H10: объём, м³/час | I10: причина отклонения | M10: количество, шт. | N10: объём, м³/час | O10: количество, шт. | P10: объём, м³/час
I11: непредставление документов | J11: отсутствие технической возможности
J12: в объектах газораспределительной организации | K12: в сетях исполнителя | L12: в технологически связанных с сетью газораспределения исполнителя сетях газораспределения
B13: 1 | E13: 2 | F13: 3 | G13: 4 | H13: 5 | I13: 6 | J13: 7 | K13: 8 | L13: 9 | M13: 10 | N13: 11 | O13: 12 | P13: 13
A14: 1 | B14: I категория | C14: физическое лицо | D14: плата | E14: - | F14: - | G14: - | H14: - | I14: - | J14: - | K14: - | L14: - | M14: - | N14: - | O14: - | P14: -
A15: 2 | D15: стандартизованные ставки | E15: - | F15: - | G15: - | H15: - | I15: - | J15: - | K15: - | L15: - | M15: - | N15: - | O15: - | P15: -
A16: 3 | C16: юридическое лицо | D16: плата | E16: - | F16: - | G16: - | H16: - | I16: - | J16: - | K16: - | L16: - | M16: - | N16: - | O16: - | P16: -
A17: 4 | D17: стандартизованные ставки | E17: - | F17: - | G17: - | H17: - | I17: - | J17: - | K17: - | L17: - | M17: - | N17: - | O17: - | P17: -
A18: 5 | B18: II категория | C18: физическое лицо | D18: стандартизованные ставки | E18: - | F18: - | G18: - | H18: - | I18: - | J18: - | K18: - | L18: - | M18: - | N18: - | O18: - | P18: -
A19: 6 | C19: юридическое лицо | D19: стандартизованные ставки | E19: 2 | F19: 3450 | G19: - | H19: - | I19: - | J19: - | K19: - | L19: - | M19: 2 | N19: 3450 | O19: - | P19: -
A20: 7 | B20: III категория | C20: физическое лицо | D20: стандартизованные ставки | E20: - | F20: - | G20: - | H20: - | I20: - | J20: - | K20: - | L20: - | M20: - | N20: - | O20: - | P20: -
A21: 8 | C21: юридическое лицо | D21: стандартизованные ставки | E21: - | F21: - | G21: - | H21: - | I21: - | J21: - | K21: - | L21: - | M21: - | N21: - | O21: - | P21: -
A22: 9 | B22: Индивидуальный проект | C22: проведение мероприятий по ликвидации дефицита пропускной способности | E22: - | F22: - | G22: - | H22: - | I22: - | J22: - | K22: - | L22: - | M22: - | N22: - | O22: - | P22: -
A23: 10 | C23: проведение лесоустроительных работ | E23: - | F23: - | G23: - | H23: - | I23: - | J23: - | K23: - | L23: - | M23: - | N23: - | O23: - | P23: -
A24: 11 | C24: врезка в газопроводы диаметром более 250 мм под давлением не менее 0,3 МПа | E24: - | F24: - | G24: - | H24: - | I24: - | J24: - | K24: - | L24: - | M24: - | N24: - | O24: - | P24: -
A25: 12 | C25: переход через водные преграды | E25: - | F25: - | G25: - | H25: - | I25: - | J25: - | K25: - | L25: - | M25: - | N25: - | O25: - | P25: -
A26: 13 | C26: прокладка газопроводов по болотам, в скальных породах, охраняемых территориях | E26: - | F26: - | G26: - | H26: - | I26: - | J26: - | K26: - | L26: - | M26: - | N26: - | O26: - | P26: -
A27: 14 | C27: прокладка газопровода длиной более 30 м и диаметром более 158 мм бестраншейным способом | E27: - | F27: - | G27: - | H27: - | I27: - | J27: - | K27: - | L27: - | M27: - | N27: - | O27: - | P27: -
A28: 15 | B28: Заявители в рамках догазификации | E28: - | F28: - | G28: ////////// | H28: ////////// | I28: ////////// | J28: ////////// | K28: ////////// | L28: ////////// | M28: - | N28: - | O28: - | P28: -
A29: 15.1. | B29: в том числе заявители, с которыми заключены договоры со сроком технологического подключения при увеличении пропускной способности объектов газотранспортной организации | E29: - | F29: - | G29: ////////// | H29: ////////// | I29: ////////// | J29: ////////// | K29: ////////// | L29: ////////// | M29: - | N29: - | O29: - | P29: -
A30: 16 | B30: Итого: | E30: =SUM(E14:E28) -> 2 | F30: =SUM(F14:F28) -> 3450 | G30: =SUM(G14:G28) -> 0 | H30: =SUM(H14:H28) -> 0 | I30: =SUM(I14:I28) -> 0 | J30: =SUM(J14:J28) -> 0 | K30: =SUM(K14:K28) -> 0 | L30: =SUM(L14:L28) -> 0 | ... P30: =SUM(P14:P28) -> 0
A31: 17 | B31: Количество отклоненных заявок (из столбца 7, по строке 16) по причине отсутствия технической возможности в объектах газотранспортной организации (пообъектно) и количество заключенных договоров в рамках догазификации (со сроком технологического подключения при увеличении пропускной способности объектов газотранспортной организации), в зависимости от превышения пропускной способности объекта от проектной величины, шт.
B32: Объекты газотранспортной системы | E32: свыше 3% | G32: свыше 5% | J32: свыше 7% | M32: свыше 10% | O32: свыше 20%
B33: 1 .......
B34: 2 .......
P36: Приложение № 6
P37: к Приказу ФАС России от 08.12.2022г. № 960/22
P38: Форма 3
A39: Информация о регистрации и ходе реализации заявок о подключении (технологическом присоединении)
A40: к газораспределительным сетям ООО Индустриальный Парк "Станкомаш"
I41: (наименование субъекта естественной монополии)
A43: период с 01.02.2026 по 28.02.2026
A44: Номер по порядку | B44: Категория заявителей | E44: Количество поступивших заявок | G44: Количество отклонённых заявок | M44: Количество заключённых договоров | O44: Количество выполненных присоединений
E45: количество, шт. | F45: объём, м³/час | G45: количество, шт. | H45: объём, м³/час | I45: причина отклонения | M45: количество, шт. | N45: объём, м³/час | O45: количество, шт. | P45: объём, м³/час
I46: непредставление документов | J46: отсутствие технической возможности
J47: в объектах газораспределительной организации | K47: в сетях исполнителя | L47: в технологически связанных с сетью газораспределения исполнителя сетях газораспределения
B48: 1 | E48: 2 | F48: 3 | G48: 4 | H48: 5 | I48: 6 | J48: 7 | K48: 8 | L48: 9 | M48: 10 | N48: 11 | O48: 12 | P48: 13
A49: 1 | B49: I категория | C49: физическое лицо | D49: плата | E49: - | F49: - | G49: - | H49: - | I49: - | J49: - | K49: - | L49: - | M49: - | N49: - | O49: - | P49: -
A50: 2 | D50: стандартизованные ставки | E50: - | F50: - | G50: - | H50: - | I50: - | J50: - | K50: - | L50: - | M50: - | N50: - | O50: - | P50: -
A51: 3 | C51: юридическое лицо | D51: плата | E51: - | F51: - | G51: - | H51: - | I51: - | J51: - | K51: - | L51: - | M51: - | N51: - | O51: - | P51: -
A52: 4 | D52: стандартизованные ставки | E52: - | F52: - | G52: - | H52: - | I52: - | J52: - | K52: - | L52: - | M52: - | N52: - | O52: - | P52: -
A53: 5 | B53: II категория | C53: физическое лицо | D53: стандартизованные ставки | E53: - | F53: - | G53: - | H53: - | I53: - | J53: - | K53: - | L53: - | M53: - | N53: - | O53: - | P53: -
A54: 6 | C54: юридическое лицо | D54: стандартизованные ставки | E54: - | F54: - | G54: - | H54: - | I54: - | J54: - | K54: - | L54: - | M54: - | N54: - | O54: - | P54: -
A55: 7 | B55: III категория | C55: физическое лицо | D55: стандартизованные ставки | E55: - | F55: - | G55: - | H55: - | I55: - | J55: - | K55: - | L55: - | M55: - | N55: - | O55: - | P55: -
A56: 8 | C56: юридическое лицо | D56: стандартизованные ставки | E56: - | F56: - | G56: - | H56: - | I56: - | J56: - | K56: - | L56: - | M56: - | N56: - | O56: - | P56: -
A57: 9 | B57: Индивидуальный проект | C57: проведение мероприятий по ликвидации дефицита пропускной способности | E57: - | F57: - | G57: - | H57: - | I57: - | J57: - | K57: - | L57: - | M57: - | N57: - | O57: - | P57: -
A58: 10 | C58: проведение лесоустроительных работ | E58: - | F58: - | G58: - | H58: - | I58: - | J58: - | K58: - | L58: - | M58: - | N58: - | O58: - | P58: -
A59: 11 | C59: врезка в газопроводы диаметром более 250 мм под давлением не менее 0,3 МПа | E59: - | F59: - | G59: - | H59: - | I59: - | J59: - | K59: - | L59: - | M59: - | N59: - | O59: - | P59: -
A60: 12 | C60: переход через водные преграды | E60: - | F60: - | G60: - | H60: - | I60: - | J60: - | K60: - | L60: - | M60: - | N60: - | O60: - | P60: -
A61: 13 | C61: прокладка газопроводов по болотам, в скальных породах, охраняемых территориях | E61: - | F61: - | G61: - | H61: - | I61: - | J61: - | K61: - | L61: - | M61: - | N61: - | O61: - | P61: -
A62: 14 | C62: прокладка газопровода длиной более 30 м и диаметром более 158 мм бестраншейным способом | E62: - | F62: - | G62: - | H62: - | I62: - | J62: - | K62: - | L62: - | M62: - | N62: - | O62: - | P62: -
A63: 15 | B63: Заявители в рамках догазификации | E63: - | F63: - | G63: ////////// | H63: ////////// | I63: ////////// | J63: ////////// | K63: ////////// | L63: ////////// | M63: - | N63: - | O63: - | P63: -
A64: 15.1. | B64: в том числе заявители, с которыми заключены договоры со сроком технологического подключения при увеличении пропускной способности объектов газотранспортной организации | E64: - | F64: - | G64: ////////// | H64: ////////// | I64: ////////// | J64: ////////// | K64: ////////// | L64: ////////// | M64: - | N64: - | O64: - | P64: -
A65: 16 | B65: Итого: | E65: =SUM(E49:E63) -> 0 | F65: =SUM(F49:F63) -> 0 | G65: =SUM(G49:G63) -> 0 | H65: =SUM(H49:H63) -> 0 | I65: =SUM(I49:I63) -> 0 | J65: =SUM(J49:J63) -> 0 | K65: =SUM(K49:K63) -> 0 | L65: =SUM(L49:L63) -> 0 | ... P65: =SUM(P49:P63) -> 0
A66: 17 | B66: Количество отклоненных заявок (из столбца 7, по строке 16) по причине отсутствия технической возможности в объектах газотранспортной организации (пообъектно) и количество заключенных договоров в рамках догазификации (со сроком технологического подключения при увеличении пропускной способности объектов газотранспортной организации), в зависимости от превышения пропускной способности объекта от проектной величины, шт.
B67: Объекты газотранспортной системы | E67: свыше 3% | G67: свыше 5% | J67: свыше 7% | M67: свыше 10% | O67: свыше 20%
B68: 1 .......
B69: 2 .......
P71: Приложение № 6
P72: к Приказу ФАС России от 08.12.2022г. № 960/22
P73: Форма 3
A74: Информация о регистрации и ходе реализации заявок о подключении (технологическом присоединении)
A75: к газораспределительным сетям ООО Индустриальный Парк "Станкомаш"
I76: (наименование субъекта естественной монополии)
A78: период с 01.03.2026 по 31.03.2026
A79: Номер по порядку | B79: Категория заявителей | E79: Количество поступивших заявок | G79: Количество отклонённых заявок | M79: Количество заключённых договоров | O79: Количество выполненных присоединений
E80: количество, шт. | F80: объём, м³/час | G80: количество, шт. | H80: объём, м³/час | I80: причина отклонения | M80: количество, шт. | N80: объём, м³/час | O80: количество, шт. | P80: объём, м³/час
I81: непредставление документов | J81: отсутствие технической возможности
J82: в объектах газораспределительной организации | K82: в сетях исполнителя | L82: в технологически связанных с сетью газораспределения исполнителя сетях газораспределения
B83: 1 | E83: 2 | F83: 3 | G83: 4 | H83: 5 | I83: 6 | J83: 7 | K83: 8 | L83: 9 | M83: 10 | N83: 11 | O83: 12 | P83: 13
A84: 1 | B84: I категория | C84: физическое лицо | D84: плата | E84: - | F84: - | G84: - | H84: - | I84: - | J84: - | K84: - | L84: - | M84: - | N84: - | O84: - | P84: -
A85: 2 | D85: стандартизованные ставки | E85: - | F85: - | G85: - | H85: - | I85: - | J85: - | K85: - | L85: - | M85: - | N85: - | O85: - | P85: -
A86: 3 | C86: юридическое лицо | D86: плата | E86: - | F86: - | G86: - | H86: - | I86: - | J86: - | K86: - | L86: - | M86: - | N86: - | O86: - | P86: -
A87: 4 | D87: стандартизованные ставки | E87: - | F87: - | G87: - | H87: - | I87: - | J87: - | K87: - | L87: - | M87: - | N87: - | O87: - | P87: -
A88: 5 | B88: II категория | C88: физическое лицо | D88: стандартизованные ставки | E88: - | F88: - | G88: - | H88: - | I88: - | J88: - | K88: - | L88: - | M88: - | N88: - | O88: - | P88: -
A89: 6 | C89: юридическое лицо | D89: стандартизованные ставки | E89: - | F89: - | G89: - | H89: - | I89: - | J89: - | K89: - | L89: - | M89: - | N89: - | O89: - | P89: -
A90: 7 | B90: III категория | C90: физическое лицо | D90: стандартизованные ставки | E90: - | F90: - | G90: - | H90: - | I90: - | J90: - | K90: - | L90: - | M90: - | N90: - | O90: - | P90: -
A91: 8 | C91: юридическое лицо | D91: стандартизованные ставки | E91: - | F91: - | G91: - | H91: - | I91: - | J91: - | K91: - | L91: - | M91: - | N91: - | O91: - | P91: -
A92: 9 | B92: Индивидуальный проект | C92: проведение мероприятий по ликвидации дефицита пропускной способности | E92: - | F92: - | G92: - | H92: - | I92: - | J92: - | K92: - | L92: - | M92: - | N92: - | O92: - | P92: -
A93: 10 | C93: проведение лесоустроительных работ | E93: - | F93: - | G93: - | H93: - | I93: - | J93: - | K93: - | L93: - | M93: - | N93: - | O93: - | P93: -
A94: 11 | C94: врезка в газопроводы диаметром более 250 мм под давлением не менее 0,3 МПа | E94: - | F94: - | G94: - | H94: - | I94: - | J94: - | K94: - | L94: - | M94: - | N94: - | O94: - | P94: -
A95: 12 | C95: переход через водные преграды | E95: - | F95: - | G95: - | H95: - | I95: - | J95: - | K95: - | L95: - | M95: - | N95: - | O95: - | P95: -
A96: 13 | C96: прокладка газопроводов по болотам, в скальных породах, охраняемых территориях | E96: - | F96: - | G96: - | H96: - | I96: - | J96: - | K96: - | L96: - | M96: - | N96: - | O96: - | P96: -
A97: 14 | C97: прокладка газопровода длиной более 30 м и диаметром более 158 мм бестраншейным способом | E97: - | F97: - | G97: - | H97: - | I97: - | J97: - | K97: - | L97: - | M97: - | N97: - | O97: - | P97: -
A98: 15 | B98: Заявители в рамках догазификации | E98: - | F98: - | G98: ////////// | H98: ////////// | I98: ////////// | J98: ////////// | K98: ////////// | L98: ////////// | M98: - | N98: - | O98: - | P98: -
A99: 15.1. | B99: в том числе заявители, с которыми заключены договоры со сроком технологического подключения при увеличении пропускной способности объектов газотранспортной организации | E99: - | F99: - | G99: ////////// | H99: ////////// | I99: ////////// | J99: ////////// | K99: ////////// | L99: ////////// | M99: - | N99: - | O99: - | P99: -
A100: 16 | B100: Итого: | E100: =SUM(E84:E98) -> 0 | F100: =SUM(F84:F98) -> 0 | G100: =SUM(G84:G98) -> 0 | H100: =SUM(H84:H98) -> 0 | I100: =SUM(I84:I98) -> 0 | J100: =SUM(J84:J98) -> 0 | K100: =SUM(K84:K98) -> 0 | L100: =SUM(L84:L98) -> 0 | ... P100: =SUM(P84:P98) -> 0
A101: 17 | B101: Количество отклоненных заявок (из столбца 7, по строке 16) по причине отсутствия технической возможности в объектах газотранспортной организации (пообъектно) и количество заключенных договоров в рамках догазификации (со сроком технологического подключения при увеличении пропускной способности объектов газотранспортной организации), в зависимости от превышения пропускной способности объекта от проектной величины, шт.
B102: Объекты газотранспортной системы | E102: свыше 3% | G102: свыше 5% | J102: свыше 7% | M102: свыше 10% | O102: свыше 20%
B103: 1 ....... | E103: - | G103: - | J103: - | M103: - | O103: -
B104: 2 ....... | E104: - | G104: - | J104: - | M104: - | O104: -
P106: Приложение № 6
...

Sheet Прил.7_ф-2_Условия
D1: Приложение 7
D2: к Приказу ФАС России от 08.12.2022г. № 960/22
D3: Форма 2
A4: Информация об условиях, на которых осуществляется оказание регулируемых услуг по транспортировке газа по газораспределительным сетям
C5: ООО Индустриальный Парк "Станкомаш"
C6: (наименование субъекта естественной монополии)
A8: № | B8: Раскрываемая информация | C8: Сведения о сроках направления заявки на заключение договора | D8: Место размещения сведений в информационно-коммуникационной сети "Интернет"
A9: 1 | B9: Заявка на заключение договора транспортировки газа | C9: - по договорам, заключаемым на срок до одного года, - не позднее чем за месяц и не ранее чем за три месяца до указанной в заявке даты начала транспортировки; | D9: https://stankomash.konar.ru/raskrytie-informacii/
C10: - по договорам, заключаемым на срок более одного года и до пяти лет, - не позднее чем за три месяца и не ранее чем за один год до начала года, в котором начнется транспортировка;
C11: - по договорам, заключаемым на срок более пяти лет, - не позднее чем за шесть месяцев и не ранее чем за три года до начала года, в котором начнется транспортировка.
A12: 2 | B12: Договор на оказание услуг по транспортировке газа для обеспечения коммунально-бытовых нужд | C12: - | D12: -
A13: 3 | B13: Договор на оказание услуг по транспортировке газа для прочих потребителей | C13: - | D13: -
A14: 4 | B14: Договор на оказание услуг по транспортировке газа в транзитном потоке газораспределительной организации/потребителю | C14: - по договорам, заключаемым на срок до одного года, - не позднее чем за месяц и не ранее чем за три месяца до указанной в заявке даты начала транспортировки; | D14: https://stankomash.konar.ru/raskrytie-informacii/
C15: - по договорам, заключаемым на срок более одного года и до пяти лет, - не позднее чем за три месяца и не ранее чем за один год до начала года, в котором начнется транспортировка;
C16: - по договорам, заключаемым на срок более пяти лет, - не позднее чем за шесть месяцев и не ранее чем за три года до начала года, в котором начнется транспортировка.

Sheet Прил.7_ф-3_Инф-я об усл 
C1: Приложение 7
C2: к Приказу ФАС России от 08.12.2022г. № 960/22
C3: Форма 3
A6: Информация об условиях, на которых осуществляется оказание услуг по подключению (технологическому присоединению)
A7: к газораспределительным сетям ООО Индустриальный Парк "Станкомаш"*
A9: N | B9: Раскрываемая информация | C9: Место размещения информации в информационно-коммуникационной сети "Интернет"
A10: 1 | B10: Перечень документов, направляемых для рассмотрения заявки о подключении (технологическом присоединении) | C10: https://stankomash.konar.ru/raskrytie-informacii/
A11: 2 | B11: Заявка о заключении договора о подключении (технологическом присоединении) газоиспользующего оборудования и объектов капитального строительства к сети газораспределения | C11: https://stankomash.konar.ru/raskrytie-informacii/
A12: 3 | B12: Заявка о заключении договора на подключение (технологическое присоединение) существующей и (или) проектируемой сети газораспределения к сетям газораспределения | C12: https://stankomash.konar.ru/raskrytie-informacii/
A13: 4 | B13: Заявка о заключении договора о подключении (технологическом присоединении) газоиспользующего оборудования и объектов капитального строительства к сети газораспределения в рамках догазификации | C13: https://stankomash.konar.ru/raskrytie-informacii/
A14: 5 | B14: Заявка о заключении договора о подключении (технологическом присоединении) газоиспользующего оборудования и объектов капитального строительства к сетям газораспределения через сети основного абонента | C14: https://stankomash.konar.ru/raskrytie-informacii/
A15: 6 | B15: Договор о подключении (технологическом присоединении) газоиспользующего оборудования и объектов капитального строительства к сети газораспределения | C15: https://stankomash.konar.ru/raskrytie-informacii/
A16: 7 | B16: Договор о подключении (технологическом присоединении) существующей и (или) проектируемой сети газораспределения к сетям газораспределения | C16: https://stankomash.konar.ru/raskrytie-informacii/
A17: 8 | B17: Договор о подключении (технологическом присоединении) газоиспользующего оборудования к сети газораспределения в рамках догазификации | C17: https://stankomash.konar.ru/raskrytie-informacii/
A18: 9 | B18: Информация о плате за подключение (технологическое присоединение) к газораспределительным сетям | C18: https://stankomash.konar.ru/raskrytie-informacii/
A19: 10 | B19: Сведения о структурных подразделениях, осуществляющих прием заявок на подключение (технологическое присоединение) | C19: https://stankomash.konar.ru/raskrytie-informacii/
A20: *Социально значимые группы потребителей и население на производственной площадке ООО Индустриальный Парк "Станкомаш" - отсутствуют.

Sheet Прил.8_ф-2_Порядок вып меропр.
I1: Приложение 8
I2: к Приказу ФАС России от 08.12.2022г. № 960/22
I3: Форма 2
A5: Информация о порядке выполнения технологических, технических и других мероприятий, связанных с подключением (присоединением)
A6: к газораспределительным сетям ООО Индустриальный Парк "Станкомаш"
F7: (наименование субъекта естественной монополии)
A9: Наименование газораспреде-лительной сети | B9: Точка входа в газораспреде-лительную сеть | C9: Точка выхода из газораспреде-лительной сети | D9: Перечень технологических мероприятий, связанных с подключением (подсоединением) к газораспредели-тельной сети, и регламент их выполнения | E9: Порядок выполнения технологических мероприятий, связанных с подключением (подсоединением) к газораспредели-тельной сети, и регламент их выполнения | F9: Перечень технических мероприятий, связанных с подключением (подсоединением) к газораспредели-тельной сети, и регламент их выполнения | G9: Порядок выполнения технических мероприятий, связанных с подключением (подсоединением) к газораспредели-тельной сети, и регламент их выполнения | H9: Перечень иных мероприятий, связанных с подключением (подсоединением) к газораспределительной сети, и регламент их выполнения | I9: Порядок выполнения иных мероприятий, связанных с подключением (подоединением) к газораспределительной сети, и регламент их выполнения
A10: 1 | B10: 2 | C10: 3 | D10: 4 | E10: 5 | F10: 6 | G10: 7 | H10: 8 | I10: 9
A11: Газораспределительная сеть ООО Индустриальный Парк "Станкомаш" г. Челябинск | B11: ГРП | C11: Газопроводы вводы к промышленным предприятиям | D11: Присоединение в зависимости от возможностей технологии, может производится как с прекращением подачи газа потребителям системы газораспределения и сбросом газа в атмосферу, так и без отключений и сброса газа. В том случае, если необходимо произвести прекращение подачи газа потребителям, посредством запорной арматуры на газопроводах, выполняется отключение участка, к которому производится присоединение. При приминении устройства "для присоединения без прекращения газоснабжения", прекращени газоснабжения не требуется. | E11: При прекращении газоснабжения: 1) Отключения участка газопровода, к которому планируется произвести подклбючение; 2) Освобождение газопровода от газа с выработкой на потребителя и сбросом отсатков газа в атмосферу; 3) Продувка воздухом или инертным газом; 4) Контроль загозованности в газопроводе; 5) Контрольная опрессовка присоединяемого объекта; 6) присоединение; 7)Испытание на гермитичность места присоединения; 8) Совместная опрессовка вновь присоединенного объекта и отключенного участка газопровода; 9) Пуск газа. Без прекращения газоснабжения: 1) Контрольная опрессовка присоединяемого объекта; 2) Присоединение; 3) Испытание на гермитичность места присоединения; 4) Пуск газа с использованием устройствадля присоединения без прекращения газоснабжения | F11: 1) Сдача законного строительством объекта газоснабжения комиссии с участием представителя газораспределительной организации; 2) Получение разрешения на ввод объекта в эксплуатацию; 3) Согласование прекращения газоснабжения портебителей . | G11: 1) Оформление акта приемки газораспеделительной системы; 2) Оформление на ввод объекта в эксплуатацию; 3) Согласование прекращения газонабжения потребителей. | H11: - | I11: -
A13: Социально значимые группы потребителей и население на производственной площадке ООО Индустриальный Парк "Станкомаш" - отсутствуют.

Sheet Прил.9_ф-2 Инвест.пр.
J1: Приложение 9
J2: к Приказу ФАС России от 08.12.2022г. № 960/22
J3: Форма 2
A5: Информация об инвестиционных программах ООО Индустриальный Парк "Станкомаш"
A6: на (за) 2026 год в сфере транспортировки газа по газораспределительным сетям
A7: ИНВЕСТИЦИОННАЯ ПРОГРАММА ОТСУТСТВУЕТ
A9: N | B9: Наименование показателя | C9: Сроки строительства | E9: Стоимостная оценка инвестиций, тыс. руб. (без НДС) | H9: Основные проектные характеристики объектов капитального строительства
C10: начало | D10: окончание | E10: совокупно по объекту | F10: в отчетном периоде | G10: источник финансирования | H10: протяженность линейной части газопроводов, км | I10: диаметр (диапазон диаметров) газопроводов, мм | J10: количество газорегуляторных пунктов, единиц
A11: 1 | B11: 2 | C11: 3 | D11: 4 | E11: 5 | F11: 6 | G11: 7 | H11: 8 | I11: 9 | J11: 10
A12: 1. | B12: Общая сумма инвестиций | C12: - | D12: - | E12: - | F12: - | G12: - | H12: - | I12: - | J12: -
A13: 2. | B13: Сведения о строительстве, реконструкции объектов капитального строительства | C13: - | D13: - | E13: - | F13: - | G13: - | H13: - | I13: - | J13: -
A14: 2.1. | C14: - | D14: - | E14: - | F14: - | G14: - | H14: - | I14: - | J14: -
A15: 3. | B15: Объекты капитального строительства (основные стройки): | C15: - | D15: - | E15: - | F15: - | G15: - | H15: - | I15: - | J15: -
A16: 3.1. | C16: - | D16: - | E16: - | F16: - | G16: - | H16: - | I16: - | J16: -
A17: 4. | B17: Новые объекты: | C17: - | D17: - | E17: - | F17: - | G17: - | H17: - | I17: - | J17: -
A18: 4.1. | C18: - | D18: - | E18: - | F18: - | G18: - | H18: - | I18: - | J18: -
A19: 5. | B19: Реконструируемые (модернизируемые) объекты: | C19: - | D19: - | E19: - | F19: - | G19: - | H19: - | I19: - | J19: -
A20: 5.1. | C20: - | D20: - | E20: - | F20: - | G20: - | H20: - | I20: - | J20: -
A21: 6. | B21: Сведения о приобретении оборудования, не входящего в сметы строек | C21: - | D21: - | E21: - | F21: - | G21: - | H21: - | I21: - | J21: -
A22: 6.1. | C22: - | D22: - | E22: - | F22: - | G22: - | H22: - | I22: - | J22: -
A23: 7. | B23: Сведения о долгосрочных финансовых вложениях | C23: - | D23: - | E23: - | F23: - | G23: - | H23: - | I23: - | J23: -
A24: 7.1. | C24: - | D24: - | E24: - | F24: - | G24: - | H24: - | I24: - | J24: -
A25: 8. | B25: Сведения о приобретении внеоборотных активов | C25: - | D25: - | E25: - | F25: - | G25: - | H25: - | I25: - | J25: -
A26: 8.1. | C26: - | D26: - | E26: - | F26: - | G26: - | H26: - | I26: - | J26: -
A27: Социально значимые группы потребителей и население на производственной площадке ООО Индустриальный Парк "Станкомаш" - отсутствуют.

Sheet Прил.10_закуп товаров
V2: Приложение 10
V3: к Приказу ФАС России от 08.12.2022г. № 960/22
A5: Информация о способах приобретения, стоимости и объемах товаров, необходимых для оказания услуг по транспортировке газа
M6: по трубопроводам | N6: ООО Индустриальный Парк "Станкомаш"
N7: (наименование субъекта естественной монополии)
A8: период с 01.01.2026 по 31.01.2026
A9: № | B9: Дата закупки | C9: Способ осуществления закупки | P9: Предмет закупки | Q9: Цена за единицу товара, работ, услуг (тыс. руб.) | R9: Единица измерения | S9: Количество (объем товаров, работ, услуг) | T9: Сумма закупки (товаров, работ, услуг) (тыс. руб.) | U9: Поставщик (подрядная организация) | V9: Реквизиты документа
C10: Конкурентные закупки | N10: Неконкурентная закупка
C11: Торги | M11: Иной способ, установленный положением о закупке
C12: конкурс | F12: аукцион | I12: запрос котировок | K12: запрос предложений | N12: единственный поставщик (исполнитель, подрядчик) | O12: иное
C13: открытый конкурс | D13: конкурс в электронной форме | E13: закрытый конкурс | F13: открытый аукцион | G13: аукцион в электронной форме | H13: закрытый аукцион | I13: запрос котировок в электронной форме | J13: закрытый запрос котировок | K13: запрос предложений в электронной форме | L13: закрытый запрос предложений
A14: 1 | B14: 2 | C14: 3 | D14: 4 | E14: 5 | F14: 6 | G14: 7 | H14: 8 | I14: 9 | J14: 10 | K14: 11 | L14: 12 | M14: 13 | N14: 14 | O14: 15 | P14: 16 | Q14: 17 | R14: 18 | S14: 19 | T14: 20 | U14: 21 | V14: 22
A15: 1 | B15: 46023 | M15: 1 | P15: Услуги сотовой связи | Q15: =T15/S15 -> 0.37949 | R15: шт | S15: 1 | T15: 0.37949
A16: 2 | B16: 46023 | M16: 1 | P16: Тепловая энергия | Q16: =T16/S16 -> 1.7555679 | R16: Гкал | S16: 17.847 | T16: 31.33162
A17: 3 | B17: 46023 | M17: 1 | P17: Водоснабжение (питьевая вода) | Q17: =T17/S17 -> 0.12120269 | R17: м3 | S17: 26 | T17: 3.15127
A18: 4 | B18: 46023 | M18: 1 | P18: Водоотведение | Q18: =T18/S18 -> 0.075076154 | R18: м3 | S18: 26 | T18: 1.95198
V20: Приложение 10
V21: к Приказу ФАС России от 08.12.2022г. № 960/22
A23: Информация о способах приобретения, стоимости и объемах товаров, необходимых для оказания услуг по транспортировке газа
M24: по трубопроводам | N24: ООО Индустриальный Парк "Станкомаш"
N25: (наименование субъекта естественной монополии)
A26: период с 01.02.2026 по 28.02.2026
A27: № | B27: Дата закупки | C27: Способ осуществления закупки | P27: Предмет закупки | Q27: Цена за единицу товара, работ, услуг (тыс. руб.) | R27: Единица измерения | S27: Количество (объем товаров, работ, услуг) | T27: Сумма закупки (товаров, работ, услуг) (тыс. руб.) | U27: Поставщик (подрядная организация) | V27: Реквизиты документа
C28: Конкурентные закупки | N28: Неконкурентная закупка
C29: Торги | M29: Иной способ, установленный положением о закупке
C30: конкурс | F30: аукцион | I30: запрос котировок | K30: запрос предложений | N30: единственный поставщик (исполнитель, подрядчик) | O30: иное
C31: открытый конкурс | D31: конкурс в электронной форме | E31: закрытый конкурс | F31: открытый аукцион | G31: аукцион в электронной форме | H31: закрытый аукцион | I31: запрос котировок в электронной форме | J31: закрытый запрос котировок | K31: запрос предложений в электронной форме | L31: закрытый запрос предложений
A32: 1 | B32: 2 | C32: 3 | D32: 4 | E32: 5 | F32: 6 | G32: 7 | H32: 8 | I32: 9 | J32: 10 | K32: 11 | L32: 12 | M32: 13 | N32: 14 | O32: 15 | P32: 16 | Q32: 17 | R32: 18 | S32: 19 | T32: 20 | U32: 21 | V32: 22
A33: 1 | B33: 46054 | M33: 1 | P33: Услуги сотовой связи | Q33: =T33/S33 -> 0.41097 | R33: шт | S33: 1 | T33: 0.41097
A34: 2 | B34: 46054 | M34: 1 | P34: Тепловая энергия | Q34: =T34/S34 -> 1.7157549 | R34: Гкал | S34: 15.493 | T34: 26.58219
A35: 3 | B35: 46054 | M35: 1 | P35: Водоснабжение (питьевая вода) | Q35: =T35/S35 -> 0.1161048 | R35: м3 | S35: 25 | T35: 2.90262
A36: 4 | B36: 46054 | M36: 1 | P36: Водоотведение | Q36: =T36/S36 -> 0.0838268 | R36: м3 | S36: 25 | T36: 2.09567
A37: 5 | B37: 46054 | M37: 1 | P37: Услуги по обслуживанию оборудования КИПиА (ППР) Пункт редуцирования газа (ПРГ) | Q37: =T37/S37 -> 1.8 | R37: шт | S37: 1.25 | T37: 2.25
A38: 6 | B38: 46054 | M38: 1 | P38: Кран газовый 11б27п Ду20 (ручка) Бологое | Q38: =T38/S38 -> 0.17966 | R38: шт | S38: 2 | T38: 0.35932
A39: 7 | B39: 46054 | M39: 1 | P39: Подводка для газа сильфонная 3/4" гайка штуцер 150см СТМ | Q39: =T39/S39 -> 0.45896 | R39: шт | S39: 2 | T39: 0.91792
A40: 8 | B40: 46054 | M40: 1 | P40: Лента ФУМ 19х0,2мм 15м арт.93042 TERMA | Q40: =T40/S40 -> 0.102616 | R40: шт | S40: 5 | T40: 0.51308
A41: 9 | B41: 46054 | M41: 1 | P41: Паронит листовой 4мм 2х2м ПОН-Б | Q41: =T41/S41 -> 3.2737 | R41: лист | S41: 0.3 | T41: 0.98211
A42: 10 | B42: 46054 | M42: 1 | P42: Шайба оцинкованная кузовная М8 (упак.100шт) арт.005631 СТРОЙБАТ | Q42: =T42/S42 -> 0.00041960662 | R42: шт | S42: 32.03 | T42: 0.01344
V44: Приложение 10
V45: к Приказу ФАС России от 08.12.2022г. № 960/22
A47: Информация о способах приобретения, стоимости и объемах товаров, необходимых для оказания услуг по транспортировке газа
M48: по трубопроводам | N48: ООО Индустриальный Парк "Станкомаш"
N49: (наименование субъекта естественной монополии)
A50: период с 01.03.2026 по 31.03.2026
A51: № | B51: Дата закупки | C51: Способ осуществления закупки | P51: Предмет закупки | Q51: Цена за единицу товара, работ, услуг (тыс. руб.) | R51: Единица измерения | S51: Количество (объем товаров, работ, услуг) | T51: Сумма закупки (товаров, работ, услуг) (тыс. руб.) | U51: Поставщик (подрядная организация) | V51: Реквизиты документа
C52: Конкурентные закупки | N52: Неконкурентная закупка
C53: Торги | M53: Иной способ, установленный положением о закупке
C54: конкурс | F54: аукцион | I54: запрос котировок | K54: запрос предложений | N54: единственный поставщик (исполнитель, подрядчик) | O54: иное
C55: открытый конкурс | D55: конкурс в электронной форме | E55: закрытый конкурс | F55: открытый аукцион | G55: аукцион в электронной форме | H55: закрытый аукцион | I55: запрос котировок в электронной форме | J55: закрытый запрос котировок | K55: запрос предложений в электронной форме | L55: закрытый запрос предложений
A56: 1 | B56: 2 | C56: 3 | D56: 4 | E56: 5 | F56: 6 | G56: 7 | H56: 8 | I56: 9 | J56: 10 | K56: 11 | L56: 12 | M56: 13 | N56: 14 | O56: 15 | P56: 16 | Q56: 17 | R56: 18 | S56: 19 | T56: 20 | U56: 21 | V56: 22
A57: 1 | B57: 46082 | M57: 1 | P57: Услуги сотовой связи | Q57: =T57/S57 -> 0.39696 | R57: шт | S57: 1 | T57: 0.39696
A58: 2 | B58: 46082 | M58: 1 | P58: Тепловая энергия | Q58: =T58/S58 -> 1.80244 | R58: Гкал | S58: 13.619 | T58: 24.54743
A59: 3 | B59: 46082 | M59: 1 | P59: Водоснабжение (питьевая вода) | Q59: =T59/S59 -> 0.1054688 | R59: м3 | S59: 25 | T59: 2.63672
A60: 4 | B60: 46082 | M60: 1 | P60: Водоотведение | Q60: =T60/S60 -> 0.0750908 | R60: м3 | S60: 25 | T60: 1.87727
A61: 5 | B61: 46082 | M61: 1 | P61: Услуги по обслуживанию оборудования КИПиА (ВПР), ремонт дежурного телефона | Q61: =T61/S61 -> 1.8 | R61: чел/час | S61: 3.25 | T61: 5.85
A62: 6 | B62: 46082 | M62: 1 | P62: Ветошь х/б | Q62: =T62/S62 -> 0.1024592 | R62: кг | S62: 25 | T62: 2.56148
A63: 7 | B63: 46082 | M63: 1 | P63: Лопата для снега пластиковая с металлической планкой и алюминевым черенком 400мм | Q63: =T63/S63 -> 1.307378 | R63: шт | S63: 5 | T63: 6.53689
A64: 8 | B64: 46082 | M64: 1 | P64: Щетка палубная GNIK-11 225мм синтетическая щетина GIGANT | Q64: =T64/S64 -> 0.50655667 | R64: шт | S64: 3 | T64: 1.51967
A65: 9 | B65: 46082 | M65: 1 | P65: Батарейка 6F22-SP1G арт.1663 CAMELION | Q65: =T65/S65 -> 0.094262 | R65: шт | S65: 5 | T65: 0.47131
A66: 10 | B66: 46082 | M66: 1 | P66: Ветошь х/б | Q66: =T66/S66 -> 0.1024592 | R66: кг | S66: 25 | T66: 2.56148
A67: 11 | B67: 46082 | M67: 1 | P67: Определитель утечки газа 400мл универсальный RUSMA | Q67: =T67/S67 -> 0.42950833 | R67: шт | S67: 12 | T67: 5.1541
A68: 12 | B68: 46082 | M68: 1 | P68: Шайба пружинная оцинкованная М8 (упак.200шт) арт.005581 СТРОЙБАТ | Q68: =T68/S68 -> 0.00031695672 | R68: шт | S68: 32.465 | T68: 0.01029
V69: Приложение 10
V70: к Приказу ФАС России от 08.12.2022г. № 960/22
A72: Информация о способах приобретения, стоимости и объемах товаров, необходимых для оказания услуг по транспортировке газа
M73: по трубопроводам | N73: ООО Индустриальный Парк "Станкомаш"
N74: (наименование субъекта естественной монополии)
A75: период с 01.04.2026 по 30.04.2026
A76: № | B76: Дата закупки | C76: Способ осуществления закупки | P76: Предмет закупки | Q76: Цена за единицу товара, работ, услуг (тыс. руб.) | R76: Единица измерения | S76: Количество (объем товаров, работ, услуг) | T76: Сумма закупки (товаров, работ, услуг) (тыс. руб.) | U76: Поставщик (подрядная организация) | V76: Реквизиты документа
C77: Конкурентные закупки | N77: Неконкурентная закупка
C78: Торги | M78: Иной способ, установленный положением о закупке
C79: конкурс | F79: аукцион | I79: запрос котировок | K79: запрос предложений | N79: единственный поставщик (исполнитель, подрядчик) | O79: иное
C80: открытый конкурс | D80: конкурс в электронной форме | E80: закрытый конкурс | F80: открытый аукцион | G80: аукцион в электронной форме | H80: закрытый аукцион | I80: запрос котировок в электронной форме | J80: закрытый запрос котировок | K80: запрос предложений в электронной форме | L80: закрытый запрос предложений
A81: 1 | B81: 2 | C81: 3 | D81: 4 | E81: 5 | F81: 6 | G81: 7 | H81: 8 | I81: 9 | J81: 10 | K81: 11 | L81: 12 | M81: 13 | N81: 14 | O81: 15 | P81: 16 | Q81: 17 | R81: 18 | S81: 19 | T81: 20 | U81: 21 | V81: 22
A82: 1 | B82: 46113 | M82: 1 | P82: Услуги сотовой связи | Q82: =T82/S82 -> 0.39451 | R82: шт | S82: 1 | T82: 0.39451
A83: 2 | B83: 46113 | M83: 1 | P83: Газоанализатор 4в1 арт.08180 МЕГЕОН | Q83: =T83/S83 -> 21.32869 | R83: шт | S83: 1 | T83: 21.32869
A84: 3 | B84: 46113 | M84: 1 | P84: Поверка оборудования | Q84: =T84/S84 -> 7.32329 | R84: шт | S84: 1 | T84: 7.32329
A85: 4 | B85: 46113 | M85: 1 | P85: Поверка оборудования | Q85: =T85/S85 -> 1.698746 | R85: шт | S85: 5 | T85: 8.49373
A86: 5 | B86: 46113 | M86: 1 | P86: Тепловая энергия | Q86: =T86/S86 -> 3.3025803 | R86: Гкал | S86: 5.387 | T86: 17.791
A87: 6 | B87: 46113 | M87: 1 | P87: Водоснабжение (питьевая вода) | Q87: =T87/S87 -> 0.11939577 | R87: м3 | S87: 26 | T87: 3.10429
A88: 7 | B88: 46113 | M88: 1 | P88: Водоотведение | Q88: =T88/S88 -> 0.076753077 | R88: м3 | S88: 26 | T88: 1.99558
A89: 8 | B89: 46113 | M89: 1 | P89: Налог НВОС | Q89: =T89/S89 -> 1.17883 | R89: шт | S89: 1 | T89: 1.17883
A90: 9 | B90: 46113 | M90: 1 | P90: Прокладка паронитовая 57x105x2мм (упак.2шт) арт.1893317 HG | Q90: =T90/S90 -> 0.07295 | R90: шт | S90: 1 | T90: 0.07295
A91: 10 | B91: 46113 | M91: 1 | P91: Вставка диэлектрическая 1/2ВP/HP ELKA | Q91: =T91/S91 -> 0.142722 | R91: шт | S91: 5 | T91: 0.71361
A92: 11 | B92: 46113 | M92: 1 | P92: Вставка диэлектрическая 3/4 ВР/НР ELKA | Q92: =T92/S92 -> 0.151902 | R92: шт | S92: 5 | T92: 0.75951
A93: 12 | B93: 46113 | M93: 1 | P93: Заглушка G3/4ʺ НР арт.34867 RTP | Q93: =T93/S93 -> 0.0811475 | R93: шт | S93: 8 | T93: 0.64918
... A95: 14 | B95: 46113 | M95: 1 | P95: Муфта переходная ВВ 1/2"х3/8" арт.072149 MPF | Q95: =T95/S95 -> 0.146722 | R95: шт | S95: 5 | T95: 0.73361
V96: Приложение 10
V97: к Приказу ФАС России от 08.12.2022г. № 960/22
A99: Информация о способах приобретения, стоимости и объемах товаров, необходимых для оказания услуг по транспортировке газа
M100: по трубопроводам | N100: ООО Индустриальный Парк "Станкомаш"
N101: (наименование субъекта естественной монополии)
A102: период с 01.05.2026 по 31.05.2026
A103: № | B103: Дата закупки | C103: Способ осуществления закупки | P103: Предмет закупки | Q103: Цена за единицу товара, работ, услуг (тыс. руб.) | R103: Единица измерения | S103: Количество (объем товаров, работ, услуг) | T103: Сумма закупки (товаров, работ, услуг) (тыс. руб.) | U103: Поставщик (подрядная организация) | V103: Реквизиты документа
C104: Конкурентные закупки | N104: Неконкурентная закупка
C105: Торги | M105: Иной способ, установленный положением о закупке
C106: конкурс | F106: аукцион | I106: запрос котировок | K106: запрос предложений | N106: единственный поставщик (исполнитель, подрядчик) | O106: иное
C107: открытый конкурс | D107: конкурс в электронной форме | E107: закрытый конкурс | F107: открытый аукцион | G107: аукцион в электронной форме | H107: закрытый аукцион | I107: запрос котировок в электронной форме | J107: закрытый запрос котировок | K107: запрос предложений в электронной форме | L107: закрытый запрос предложений
A108: 1 | B108: 2 | C108: 3 | D108: 4 | E108: 5 | F108: 6 | G108: 7 | H108: 8 | I108: 9 | J108: 10 | K108: 11 | L108: 12 | M108: 13 | N108: 14 | O108: 15 | P108: 16 | Q108: 17 | R108: 18 | S108: 19 | T108: 20 | U108: 21 | V108: 22
A109: 1 | B109: 46143 | M109: 1 | P109: Услуги сотовой связи | Q109: =T109/S109 -> 0.38764 | R109: шт | S109: 1 | T109: 0.38764
...
